Workbook
Name _Hlk88571830: 'Tab 5 Multi-annual targets '!#REF!
Name _Hlk95981819: 'Tab 5 Multi-annual targets '!#REF!
Name _Hlk96267063: 'Tab 5 Multi-annual targets '!#REF!
Name _Hlk96267083: 'Tab 5 Multi-annual targets '!#REF!
Name _Int_joejLXOw: 'Tab 5 Multi-annual targets '!#REF!
Name _Toc1343095740: 'Tab 5 Multi-annual targets '!#REF!
Name _Toc369500605: 'Tab 5 Multi-annual targets '!#REF!
Name _Toc512764507: 'Tab 5 Multi-annual targets '!#REF!
Name _Toc632574498: 'Tab 5 Multi-annual targets '!#REF!
Name _Toc872994150: 'Tab 5 Multi-annual targets '!#REF!
Name _Toc919062024: 'Tab 5 Multi-annual targets '!#REF!

Sheet Tab 1 Budget summary
A1: Table 1: Total budget MACP USD | D1: Table 5: Total budget OF USD
A2: Organization | B2: Total (2024-2027) | D2: Organization | E2: Total (2024-2027)
A3: UNHCR | B3: =SUM(B13+B24) -> 41917293 | D3: UNHCR
A4: UNICEF | B4: =SUM(B14,B15,B25,B34) -> 46896000 | D4: UNICEF
A5: ILO | B5: =SUM(B16+B26+B35) -> 16231707 | D5: ILO | E5: =SUM(E16+E26+E35) -> 0
A6: World Bank | B6: =SUM(B17+B27) -> 10000000 | D6: World Bank | E6: =SUM(E17+E27) -> 0
A7: IFC | B7: =B18 -> 13690000 | D7: IFC | E7: 0
A8: Total | B8: =SUM(B3:B7) -> 1.28735e+08 | D8: Total | E8: =SUM(E3:E7) -> 0
A11: Table 2: Total activity costs MACP USD | D11: Table 6: Total activity costs OF USD
A12: Organization | B12: Total (2024-2027) | D12: Organization | E12: Total (2024-2027)
A13: UNHCR | B13: ='Tab 2 Programme Portfolio'!B54 -> 39358961 | D13: UNHCR
A14: UNICEF | B14: 39552915 | D14: UNICEF
A15: UNICEF (Cross-sectoral costs)* | B15: =8%*42992299 -> 3439383.9 | D15: UNICEF
A16: ILO | B16: 14222121 | D16: ILO | E16: ='Tab 2 Programme Portfolio'!E56 -> 0
A17: World Bank | B17: ='Tab 2 Programme Portfolio'!B57 -> 10000000 | D17: World Bank | E17: ='Tab 2 Programme Portfolio'!E57 -> 0
A18: IFC | B18: ='Tab 2 Programme Portfolio'!B58 -> 13690000 | D18: IFC | E18: ='Tab 2 Programme Portfolio'!E58 -> 0
A19: Total | B19: =SUM(B13:B18) -> 1.2026338e+08 | D19: Total | E19: =SUM(E13:E18) -> 0
A22: Table 3: Indirect recovery costs MACP USD - optional | D22: Table 7: Indirect recovery costs OF USD - optional
A23: Organization | B23: Total (2024-2027) | D23: Organization | E23: Total (2024-2027)
A24: UNHCR | B24: =B13*0.065 -> 2558332.4 | D24: UNHCR | E24: 0
A25: UNICEF | B25: =8%*42992299 -> 3439383.9 | D25: UNICEF
A26: ILO | B26: 1848875.8 | D26: ILO | E26: 0
A27: World Bank | B27: 0 | D27: World Bank | E27: 0
A28: IFC | D28: IFC | E28: 0
A29: Total | B29: =SUM(B24:B28) -> 7846592.1 | D29: Total | E29: =SUM(E24:E28) -> 0
A32: Table 4: UN Levy costs MACP USD | D32: Table 8: UN Levy costs OF USD
A33: Organization | B33: Total (2024-2027) | D33: Organization | E33: Total (2024-2027)
A34: UNICEF | B34: 464317 | D34: UNICEF | E34: 0
A35: ILO | B35: 160709.97 | D35: ILO | E35: 0
A36: Total | B36: =SUM(B34:B35) -> 625026.97 | D36: Total | E36: =SUM(E34:E35) -> 0
A39: *Cross sectoral costs cover support expenses crucial for UNICEF programme implementation in Lebanon including the following: - Operations costs which includes costs to keep the office going such as IT, security, transport, supply and logistics, and warehousing costs both in the Beirut office and in field offices, in addition to costs of related staff supporting the operations function of the office; - Planning, monitoring, and evaluation activities and related supporting staff; - Field coordination which includes expenditures related to programme coordination and monitoring at the field level in addition to sector coordination; - Communication costs which includes costs for activities to ensure that the communication and visibility of the donor is clearly documented and donor field visits, advocacy, outreach, referrals, are well coordinated in addition to related staff costs.

Sheet Tab 2 Programme Portfolio
A1: Reference | B1: Title of Intervention | C1: Type of intervention | D1: MACP or OF | E1: Short description of Intervention | F1: Pillar | G1: Participating Partners (PROSPECTS only) | H1: UNICEF Budget (if applicable) | I1: UNHCR Budget (if applicable) | J1: ILO Budget (if applicable) | K1: WB Budget (if applicable) | L1: IFC Budget (if applicable) | M1: Total budget (= multi-annual) | N1: Geographic area | O1: Implementation period | P1: Target group | Q1: Government Counterparts | R1: Other implementing organizations | S1: Contribution to ToC Outcomes | T1: Other relevant information
A2: Pillar 1: EDUCATION AND LEARNING
A3: 1.1 | B3: Support the implementation of the National Strategic Framework for TVET, enhance the operational efficiency of the services provided by the Directorate General of TVET, and support the National Youth Action Plan | C3: Collective intervention | D3: MACP | E3: In May 2022, the TVET Directorate/MEHE launched the TVET National Strategic Framework (NSF) review (2018-2022) for the development of a new TVET National Strategic Framework (2024-2028). This framework focuses on delivering high-quality market driven TVET in Lebanon that leaves no one behind and takes into account the volatile and economic situation in the country including the inclusion of marginalized groups across TVET and supporting TVET schools in enabling learning access for vulnerable populations. The new TVET NSF (2024-2028) is the main TVET policy for improving and reforming the TVET sector in Lebanon through systematic collaboration between key ministries, the private sector, and UN agencies. UNICEF and ILO will work on implementing key recommendations from the new TVET NSF by developing a diversified financial framework based on multiple partnerships set to support TVET, restructuring the TVET public sector for more efficient operations supported by evidence-based decision making and planning, and establishing mechanisms to ensure continuous linkages with the labour market. The TVET NSF implementation as an overall strategy will focus on delivering a quality TVET system that offers specialization to equip learners with competencies, skills, and knowledge that match the labour market demand. UNICEF will also work on the National Youth Policy Plan, which serves as an operational plan to better address youth issues in Lebanon. It will ensure that the main stakeholders involved in youth issues are working towards the same objectives, including public institutions, civil society organizations and donors. The plan has translated 20 priority recommendations, which were selected based on a participatory process, into 179 interventions over a three-year period. As part of its broader support to the implementation of the National Strategic Framework for TVET in Lebanon, this ILO intervention, implemented in close collaboration with UNICEF, seeks to improve the effectiveness and service delivery of DGVTE. It plans to achieve this by implementing strategic actions that streamline administrative functions and optimize processes for essential services by mapping the business processes of different services within DGVTE to identify bottlenecks causing inefficiency and support process reengineering to optimise the service and ensure it is more efficient and effective. Ultimately, these efforts are anticipated to enhance the provision of high-quality vocational training that meets market demands. Moreover, considering the continued work in the agricuture sector in Phase II and building on previous skills training work done in this sector in Phase I, this intervention will support in creating a framework for certification on the national level with MEHE for agriculture technical schools affiliated to the Ministry of Agriculture. | F3: Pillar 1: EDUCATION AND LEARNING | G3: UNICEF, ILO, UNHCR | H3: 456299 | I3: =16901.41*4 -> 67605.64 | J3: 271514.31 | M3: =SUM(H3:L3) -> 795418.95 | N3: National | O3: 2024-2027 | P3: Youth from 15 to 24 years. | Q3: Ministry of Education and High Education, Youth and Adolescent, TVET Directorate, Ministry of Youth and Sports, Private sector, TVET schools | R3: ILO,GIZ,IECD, WFP | S3: Access to socio-economic opportunities
A4: 1.2 | B4: Institutionalization of skills assessments, forecasting, and monitoring of skill delivery outcomes enhanced within the private sector to actively contribute to better matching of skills with labor market needs by increasing private sector participation in the education / TVET sectors | C4: Aligned intervention | D4: MACP | E4: Strengthening the institutionalization of skills anticipation studies and predictive models for market-aligned skills training in growth-oriented sectors is the main aim for this intervention. ILO has recently collaborated closely with the Association of Lebanese Industrialists (ALI) to enhance its capacity for conducting rapid skills anticipation assessments in selected sectors. In the next phase (Phase II), ILO will support ALI in conducting additional skills assessments in promising sectors, such as agri-food, green, and digital economy. These assessments will identify skills gaps in the sectors and will inform both career guidance and design of skills training programs, including curriculum development. The findings of the assessment focused on skills assessment in the digital economy will feed into the Forastech platform recently launched by UNICEF and the World Bank under PROSPECTS OF. | F4: Pillar 1: EDUCATION AND LEARNING | G4: ILO | J4: 271514.31 | M4: =SUM(H4:L4) -> 271514.31 | N4: Nationwide | O4: 2025 - 2027 | P4: ALI staff and Host and FDP communities with improved access to quality education / TVET services | Q4: ALI | R4: TBD | S4: Access to socio-economic opportunities
A5: 1.3 | B5: Skilling Up Lebanon | C5: Aligned intervention | D5: MACP | E5: Building on the momentum of SUL, the focus is now on expanding access and reaching a higher segment of Lebanese youth, including refugees. The nammiskills platform continues to support youth in their digital learning journeys and job searches within the tech and creative sectors, prioritizing fully subsidized training and certification for refugees in Lebanon and young people with disabilities (PwD). Additionally, the intervention will deliver digital skills training to university students through: (i) a Training of Trainers (ToT) program for university professors, equipping them to deliver hybrid digital skills courses using industry-aligned programs such as AWS Academy and Microsoft Learn for Educators; and (ii) short-term, industry-certified digital courses tailored to meet the skills most in demand by employers. These initiatives aim to significantly enhance youth employment prospects in the digital, tech, and creative industries. The initiative also seeks to develop sustainability plans to ensure self-financing in the medium to long term. To support education service delivery and boost graduate employability in Lebanon, the IFC will explore deeper private sector engagement by rethinking curricula and teaching models to align with market demands, strengthening academia-industry partnerships to close the skills gaps, leveraging digital tools for skill development, and using PPP models to develop and efficiently manage modern educational facilities. | F5: Pillar 1: EDUCATION AND LEARNING | G5: WB, UNICEF, ILO, IFC | K5: 1150000 | L5: 70000 | M5: =SUM(H5:L5) -> 1220000 | N5: All governorates | O5: Jan 2024-Oct 2027 | P5: All youth aged 17 to 32 with 50% women, 10% refugees and 2% person with disability | Q5: The program is not implemented by a government entity, but the team is engaging with: Prime Minister Office (PMO) + Ministry of Education and Higher Education (MEHE) + Ministry of Social Affairs (MoSA) + Office of the Ministry of State for Administrative Reform (OMSAR) + Ministry of Labor (MOL) + Ministry of Youth and Sport | R5: Forward MENA NGO (RETF) | S5: Access to socio-economic opportunities
A6: 1.4 | B6: Multiple Flexible Learning to Earning Pathways for marginalized children and adolescents | C6: Aligned intervention | D6: MACP | E6: UNICEF and UNHCR will support formal and nonformal education by providing comprehensive support to the most vulnerable children and adolescents (up to 18 years old) in school and out-of-school (OOS) settings, ensuring access to quality education and other essential services such as adolescent development, child protection, healthcare, and nutrition as well as mainstreaming social behavioural change strategies into programming. These services are designed to promote the overall wellbeing and holistic development of children, addressing their physical, social, and emotional needs within a safe and accessible environment. UNICEF has launched two innovative flagship programmes within the education sector as part of the Transition and Resilience Education Fund (TREF). These programmes, known as Dirasa and Makani, are built upon valuable insights gained from Non-Formal Education (NFE) assessments, well-being package approaches, and a decade of experience in NFE and child protection and other programmes. They have been developed to cater to vulnerable children, ensuring their access to a cost-effective package of services in learning centres. Furthermore, these programmes aim to prepare children and young adolescents aged 8 to 18 for the future, facilitating their transition to formal education and from learning to earning. The programmes consist of the following: 1. Dirasa aims to support struggling private-free and private schools to continue operating while supporting Lebanese and non-Lebanese children already enrolled in these schools to ensure their retention and avoid dropout. Dirasa also provides a pathway back to education for out-of-school Lebanese and non-Lebanese children aged 8-11, providing them with access to quality education and facilitating their re-entry into the formal education system. Furthermore, Dirasa indirectly supports reducing the enrolment and education-related costs for children already enrolled in the targeted schools through in-kind support with supplies including stationery and a dropout prevention fund for children enrolled in cycle 3 who are at risk or have dropped out of education due to financial challenges. 2. Makani centres provide a comprehensive package of integrated services and provide an alternative pathway for children outside of the formal school system, offering educational interventions tailored to their needs and age, with the goal of empowering, referring, and enrolling them in formal education. It creates a community space that supports the physical, social, and emotional wellbeing of vulnerable children, adolescents, and youth through a range of programmes, including education, child protection, early childhood development (ECD), life skills, youth engagement, and social behavioural change in host communities, collective, and informal settlements. The ultimate objective of the Makani approach is to create a community space that enables vulnerable children, adolescents, and youth to have their own protected space to support their development as well as their physical, social, and emotional wellbeing through an integrated set of interventions. UNHCR will complement these activities through the provision of non-formal education programmes in learning centers targeting OOS refugee children and youth without prior learning, including a standardized Basic Literacy and Numeracy Programme (BLN) for children (aged 10 to 14) and youth (15+) that provides foundational numeracy and literacy skills that enable them to use their education toward sustainable futures and participate in cohesive societies. The programmes prepare children and youth to transition into formal education and acquire skills they need to succeed in life and in the labour market. Partners follow the implementation guidelines from the Ministry of Education (MEHE) regarding the accreditation and transition to formal education. Implementation will also be aligned to the legal framework guiding the transition for children from Non-Formal Education to formal education and the NFE curriculum and teacher trainings, which are currently under revision by MEHE. UNHCR and UNICEF will coordinate the selection and identification of centers based on needs and partners presence, to prevent duplication of service provision and expand the reach of the most vulnerable. UNICEF and UNHCR will also both work on retention support programmes to ensure children are supported to retain and succeed in school and complete the educational stages. UNHCR will promote the retention of refugee children in education through Community-based Education programmes (CBE) that target refugee children aged 6-15 years old enrolled in second shift public schools (at basic education level) who are at risk of dropping out due to their poor academic performance and achievement results. CBE aims to compensate for the educational gaps caused by the school closures and interruptions in the past three scholastic years by providing these children with learning support in all the subjects that they need help with as well as other non-academic (recreational/organizational) support, to contribute to their retention in school and their personal development and to the creation of a safe place for children to learn. CBE also mobilizes community structures, including Education Community Liaison Volunteers (ECLs) deployed inside schools, to create a safer, peaceful and harmonious environment at school for refugee children to learn. The ECLs follow up on refugee absenteeism in formal education, help mediate between children, parents, and school management, identify violence, bullying, and learning difficulties, and have a robust protection referral mechanism to MEHE Child Protection National Policy Pathways and child protection case management at the community level. This intervention is cross-cutting with the Protection Pillar and benefits both outcomes: Access to rights and Access to services within the ToC. UNICEF will provide retention support to children in Makani centres as well as to Palestinian refugee children in and out of Makani centres, reaching the most vulnerable children with specific academic and learning difficulties, including children with disabilities. This intervention promotes integrated programming to address the needs of children facing multiple vulnerabilities through a holistic approach. | F6: Pillar 1: EDUCATION AND LEARNING | G6: UNHCR, UNICEF | H6: 12419616 | I6: 3729562.2 | M6: =SUM(H6:L6) -> 16149178 | N6: National | O6: 2024-2027 | P6: OOS children, In school vulnerable children, teachers and caregivers | Q6: MEHE /MOSA/ municipalities / MOPH/MOYS/MOIM | R6: IRC, LOST, MS,SCI,WCH,ALPHA | S6: Access to basic services
A7: 1.5 | B7: Accelerating TVET pathways and strengthening the capacity of TVET schools to deliver market relevant skills trainings, with strong linkages to the private sector | C7: Aligned intervention | D7: MACP | E7: ILO, UNHCR, and UNICEF will work on the accelerated TVET Pathway and strengthening the capacity of TVET schools and the National Center for Vocational Trainings (NCVT) to deliver market relevant skills training with strong linkages to the private sector: In the first half of 2023, the ILO provided technical support to the development of a partnership between ALI, Ministry of Education and Higher Education, and Ministry of Industry, with the aim to improve the quality of technical education and vocational training to meet the requirements of industry and private sector institutions. The partnership is being piloted in the technical institute for food industries in Beqaa through a PPP model. In PROSPECTS Phase II, ILO will build on this PPP pilot and replicate it in other technical schools in agri- food industries and other promising sectors as a means to promote lifelong learning, particularly amongst vulnerable Lebanese and Syrian refugees. This would create an enabling environment for a productive, innovative, and competitive industrial sector and strengthen the relevance of TVET schools making them more autonomous and enhance the capabilities of teachers through technical and core skills training and curriculum development. This would also engage the private sector in TVET governance and develop a model of co-financing and revenue generation for financial sustainability of the TVET centres struggling to continue their services effectively. The certified short vocational training program, under the UNHCR-YEP program (Youth Education Programmes), creates a conducive environment for vulnerable out-of-learning youth by offering a wide range of market and competency-based certified vocational training and skills development activities aligned with the National TVET framework led by the Ministry of Education and Higher Education with the support of ILO, UNICEF, GIZ and IECD. This initiative empowers learners with the necessary competencies demanded by the labour market, promoting inclusive and sustainable economic growth and social equity and benefiting vulnerable host youth alongside refugees and stateless persons. This intervention is cross-cutting with the employability pillar as it provides concrete linkage with job opportunities in Lebanon. UNICEF is developing an innovative and flexible learning pathway, in line with its multiple flexible pathway approach, to support youth out of education to reintegrate into formal education, as a result of the TVET school closures over the past two years and to address the dramatic increase in the number of out of school young people (aged 12 years and older) in Lebanon along with the impact of the deteriorating economic situation on both public and private TVET schools. Available data shows that many of the adolescents in schools are not moving smoothly through the primary education system while others are repeating or not attending school on a regular basis to achieve basic learning outcomes. Therefore, they have a higher likelihood of leaving education as their transition from general education to TVET remains weak and in need of improvement. Through a systems-based approach and by using multiple flexible pathways that lead to formal education, UNICEF will partner with 25 public and private TVET schools to facilitate the re-entry of up to 3,500 out-of-school FDPs and host community youth into formal education by the end of 2026. The beneficiaries will be aged 12 to 18 and out of school for less than 2 years. The TVET pathway programme will be aligned with UNICEF education programme objectives such as Makani and Dirasa. Overall, UNICEF will establish an NFE TVET learning pathway in TVET schools which will improve the existing TVET pathway programme of by building the capacities of TVET teachers, enabling cooperation between TVET public and private schools, and providing out of school children and youth with an education catch up programme that will facilitate their access into formal education. For older youth, a specific skilling and employment pathway is already in place to host and support these youth with a comprehensive package of services. UNICEF will provide the most vulnerable Youth and Adolescents Palestinian refugees with certified and non-certified market based vocational skills training through the Palestinian programme partner NGOs and UNRWA Sibline training center. A TVET training is provided to adolescents and youth to equip them with market relevant skills and improve their employability. Moreover, the trainees will be mentored and coached by specialized supervisors and trainers from the referring service provider organizations. | F7: Pillar 1: EDUCATION AND LEARNING | G7: ILO, UNICEF, UNHCR | H7: 1010748 | I7: 3592931 | J7: 721514.31 | M7: =SUM(H7:L7) -> 5325193.3 | N7: National | O7: 2024-2027 | P7: OOS children, In school vulnerable children, teachers and caregivers | Q7: MEHE, TVET schools | R7: Private institutes | S7: Access to basic services
A8: 1.6 | B8: Increase access of FDPs And HCs to an integrated package of learning, skilling, and empowerment | C8: Partner specific intervention | D8: MACP | E8: Provide vulnerable youth from FDP and host communities with an integrated skilling package consisting of: a - Tailored learning package of Basic Literacy and Numeracy, and Functional Skills such as Financial Literacy, Digital Skills, and English skills to prepare youth to access the skilling programme. b- Competency and market-based quality certified (3months/6months) and non-certified vocational training programs (40% girls and 3% with disabilities) with private TVET schools and partners NGOs centres. UNICEF will target older youth from marginalised communities as outlined in the vulnerability assessment conducted by UNICEF. UNICEF will focus on most vulnerable adolescents including those who are attending or are graduating from Makani, and those involved in child labour to promote learning pathways for those most at risk. c- Life skills training: equipping youth with transferable skills in addition to strengthening social cohesion to help them become more civically engaged and support their communities through youth-led initiatives. The life skills package provided is 50 hours and includes 1. positive leadership skills addressing the 12 core skills for personal development including communication, self-management, decision making, and team building; 2. positive employability skills related to finding and applying for jobs, skills, communication in the workplace, self-confidence and work ethics, how to prepare for interview, how to write a CV, etc.; c) the girls empowerment module that UNICEF is currently developing to be rolled out in Q2 of 2024. This component will start with a redesign of the training packages to ensure they are tailored to the increased learning needs of the most vulnerable adolescent and youth and close the gap of the learning loss and weak employability experienced by young people. | F8: Pillar 1: EDUCATION AND LEARNING | G8: ILO, UNICEF, UNHCR | H8: 2769170 | M8: =SUM(H8:L8) -> 2769170 | N8: National | O8: 2024-2027 | P8: OOS Children, In school vulnerable children, Lebanese and Non Lebanese youth from 15 to 24 years | Q8: MEHE,TVET | R8: ILO, UNHCR, TVET private schools, UNRWA sibline training centers | S8: Access to basic services
A9: 1.7 | B9: Facilitate business formalization, including MSMEs, with industrial associations and local chambers | C9: Collective intervention | D9: MACP | E9: UNICEF and the World Bank are working closely with the Lebanese government to provide youth and adolescent with digital technology training through Forastech: It’s a national platform for upskilling youth, including vulnerable youth in Lebanon. The Forastech platform launched under the PM and key partnerships have been established across Ministries to drive outreach and set up 'Hubs' with easy access to Forastech and support for the users across the country. Examples of such efforts include: Agreement with MOSA to target 7% of young people with disability to access the fully subsidized certification and embedding Forastech Hubs in IT enabled SDC to reach vulnerable women and youth. Suppo to Mol for out reach to employers through Chambers, Associations, and Private Sector Groups to drive Forastech to be effectively used by employers for the upskilling and recruitment of staff, deployment of Forastech within grade 12 public school and Public University in an effort to upskill young people in industry relevant digital technology training. Any youth in Lebanon (including those who takep part in Prospect funded programme such as GIL and Makani ) can be referred to Forastech as the go to the platform to upskill vulnerable youth with industry certification. Youth who access to the platform have a curated learning experience which starts with skills assessment, provision of learning pathways based on the gaps or aspiration leading to industry certification. Under Prospect, Unicef will support vulnerable youth including refugees to have access to the learning opportunities on Forastech and the certification. To further support vulnerable youth to access the opportunities provided through this innovation, UNICEF is developing a most vulnerable learning pathway on Forastech, with curated learning adapted for those from most marginalized background, with an important focus on girls, to have access to a tailored learning package. In addition to this, UNICEF is mainstreaming Forastech hubs across the country, taking advantage of existing labs and institutions, such as Gil Labs, Makanis, National University , TVET schools and others, to provide a place where young people can access internet, computers, and be supported by youth facilitators in their digital learning journey through Forastech, as well as access comprehensive learning aimed at boosting their employability outcomes and facilitate their learning to earning journey. | F9: Pillar 1: EDUCATION AND LEARNING | G9: UNICEF, WB | H9: 1110748 | M9: =SUM(H9:L9) -> 1110748 | N9: National | O9: 2024-2027 | P9: OOS Children, In school vulnerable children, youth for 15 to 25 years | Q9: MEHE,MOL | R9: Private sector, national innovation partners, local stakeholders | S9: Access to socio-economic opportunities
A10: 1.8 | B10: WBL programs targeting Syrian refugees and Lebanese in promising sectors scaled up with more engagement of the private sector. | C10: Aligned intervention | D10: MACP | E10: In phase I, ILO worked with the Ministry of Agriculture, AVSI, and the private sector to develop competency-based curricula and implement WBL programs targeting both Syrian refugees and Lebanese in five occupations in the agriculture sector. Building on this experience, this intervention under Phase II aims at further developing and implementing WBL programs in the agri-food, digital and green sectors based on the skills assessments conducted jointly with ALI and to institutionalize WBL in priority sectors and increase the numbers of enterprises taking initiative to promote apprenticeship. The selection of the private enterprises will be made in close coordination with ALI and based on a clearly defined criteria. As for the beneficiaries targeted by this intervention, they will be mostly young Syrian refugees and vulnerable Lebanese identified through different referral mechanisms, including through TVET Schools (public and private) UNHCR's Community Development Centers (CDCs) and UNICEF's Makani Centers. | F10: Pillar 1: EDUCATION AND LEARNING | G10: ILO | J10: 1371514.3 | M10: =SUM(H10:L10) -> 1371514.3 | N10: Nationwide | O10: 2024-2027 | P10: Vulnerable Lebanese and Syrian refugees | Q10: DGVTE, private training providers, universities | R10: TBD | S10: Access to socio-economic opportunities
A11: 1.9 | B11: Youth engagement and empowerment activities | C11: Partner specific intervention | D11: MACP | E11: UNICEF will focus on empowering and meaningfully engaging young people, particularly adolescent girls, young women and those most marginalized. More specifically, UNICEF will empower young people to be effective partners and support them to lead and drive change in their communities. UNICEF will adopt a four pronged approach to effective and meaningful youth engagement which will focus on: 1. Developing skills, capacity and leadership capabilities of young people, including participatory action research (PAR) as well as enhancing their life skills, positive leadership and conflict resolution. 2. Engaging and strengthening young people’s networks, by establishing youth advisory groups at national and subnational levels. The Youth Advisory Groups are critical for connecting and effectively engaging with young people and support them in addressing issues that matters to them, such areas could include climate action, mental health awareness. This is UNICEF’s approach of working with young people, for young people, and enabling them to becoming community shapers and agents of change. 3. Supporting young people to lead on community actions, through youth led initiatives and at scale volunteering opportunities through Nahnoo Volunteers. 4. Amplifying young people’s voices through key platforms, such as U-Report and Voices of Youth. | F11: Pillar 1: EDUCATION AND LEARNING | G11: UNICEF | H11: 2428830 | M11: =SUM(H11:L11) -> 2428830 | N11: National | O11: 2024-2027 | P11: Youth from 15 to 24 years. | Q11: MOYS, MOPH, MoSA | R11: UNFPA | S11: Access to rights
A12: 1.1 | B12: CIS - TVET | C12: Partner specific intervention | D12: MACP | E12: IFC is supporting CIS, a technical vocational school in Lebanon and Iraq, through advisory services funded by Prospects. CIS serves vulnerable communities, including refugees, but faces sustainability challenges, such as reliance on subsidies and weak governance. IFC aims to help CIS transition to a corporate structure to attract investors and strengthen employability by linking students to the job market. A SWOT analysis will guide the development of a growth strategy for potential investment. Additionally, IFC will conduct a TVET Market Study in Lebanon to understand sector supply, demand, and skills gaps, supporting both CIS and the broader TVET market | F12: Pillar 1: EDUCATION AND LEARNING | G12: IFC | L12: 500000 | N12: National | O12: 2024-2027 | P12: FDPs and HCs | S12: Access to rights
A13: Pillar 2: ECONOMIC INCLUSION | M13: =SUM(H13:L13) -> 0
A14: 2.1 | B14: Evidence based dialogue on challenges and opportunites for livelihoods and decent work opportunities for vulnerable Lebanese and Syrian refugees, including in the digital and green sectors | C14: Aligned intervention | D14: MACP | E14: In Phase I, ILO commissioned a review of the relevant policy, legislative and regulatory frameworks related to Syrian refugees’ access to the labour markets, employment, livelihood and training opportunities, including self-employment and business development in Lebanon and provided an analysis of these policies in practice. The review is one of several similar studies conducted in different countries in the Middle East and the Horn of Africa, coordinated by the PROSPECTS Partnership. Towards the end of phase I, the ILO will undertake a market assessment and skills assessment in emeriging sectros, such a green and digital sectors (please see intervention under 1.1 with ALI and 2.3). Based on findings of the policy review and the market assessments, the ILO - in close coordination with UNHCR and other PROSPECTS partners - will organize dialogue sessions with its triapartite constiuents and key stakeholders to discuss opportunities generated in these emerging sectors for both Lebaese and Syrian refugee youth and challenges pertaining to workers rights in these emerging sectors, especially for digitally enabled jobs. The dialogue will seek to provide an opportunity for advocacy on: i) regulating the work of workers in the informal economy, particularly Syrian refugees who are working in one of the three sectors where they are allowed to work; yet without a work permit or contract; ii) expanding the list of occupations that are currently limited to Lebanese citizens; and iii) deliberating on ways to improve rights at work and mitigate risks for digital workers. The aspects related to rights at work will benefit from the tools developed by ILO and UNHCR as part of the global OF on the Gig Economy. Considering that this dialogue cuts across the work of all parers, including the joint OF of UNICEF and the World Bank on the digital economy (Forastech platform), all PROSPECTS partners will be invited to contribute to these sessions. CTS partners will be invited to contribute to these sessions. | F14: Pillar 2: ECONOMIC INCLUSION | G14: ILO, UNHCR, and UNICEF (All PROSPECTS partners) | J14: 221514.31 | M14: =SUM(H14:L14) -> 221514.31 | N14: National | O14: 2024-2025 | Q14: MoL, MoE, MoI, MEHE | S14: Access to socio-economic opportunities
A15: 2.2 | B15: Accessible and market relevant career guidance and employment services delivered to both Lebanese HC and Syrian refugees using ILO tested tools and methodologies | C15: Aligned intervention | D15: MACP | E15: In Phase I, ILO worked closely with UNHCR and the Danish Refugee Council (DRC) to integrate employment services into community development centres (CDCs) serving both refugees and vulnerable host community members in vulnerable areas. In Phase II, ILO will continue to support the extension of these services to refugee and HC members, building stronger referal pathways between vocational skills training, entrepreneurship trainings and employment. As such, this intervention will be implemented through different streams. First, it will provide assistance to TVET providers in integrating career guidance tools and exploring digital solutions to aid youth in making informed career decisions (linked to 1.1 and 1.3). Second, it will integrate ILO's career guidance tools within community centers, including UNHCR supported CDCs, as part of a broader package of services to Syrian and Lebanese host communities visting these centers. Third, it will implement ILO's Job Search Clubs (JSCs) methodology specifically targeting youth in the community centers, including UNICEF's innovation labs. Successfully piloted by the ILO in collaboration wth UNICEF in PROSPECTS Jordan, JSCs provide youth with the skillset and peer to peer network needed for job search and actual placement in jobs. The results and lessons learned from Jordan will be built on in the design of the intervention in Lebanon. Finally, as part of this intervention, ILO will ensure that its implementing partners for career guidance and JSCs are informing and encouraging job seekers to use the "My Rights At Work" App, which it had developed and launched in close partnership with the Ministry of Labour and UNICEF in early 2023. This will also contribute to ST outcome 2.4 on promoting rights at work. | F15: Pillar 2: ECONOMIC INCLUSION | G15: ILO, UNHCR, and UNICEF | I15: =16901.41*4 -> 67605.64 | J15: 1345319.3 | M15: =SUM(H15:L15) -> 1412924.9 | N15: Bekaa North | O15: 2024-2027 | P15: vulnerable Lebanese and Syrian refugee graduates from TVET and job seekers (mainly youth) | Q15: MoL | S15: Access to socio-economic opportunities
A16: 2.3 | B16: Facilitate business formalization, including MSMEs, with industrial associations and local chambers | C16: Aligned intervention | D16: MACP | E16: Using ILO's Formalize Your Business tool, ILO will build capacity within the Ministry of Agriculture, industrial associations, including ALI and local chambers to reach MSMEs and start-ups (supported under interventions related to 2.3) with activties promoting formalization that are targeting specific sectors. For MSMEs in the agricuture sector, work will closely be done with the Ministry of Agriculture to ensure lnikages with the Farmers' Registry initative. This intervention will be linked to ILO's broader work with its tripartite constiuents to support fomalizaton. | F16: Pillar 2: ECONOMIC INCLUSION | G16: ILO, UNICEF | J16: 181514.31 | M16: =SUM(H16:L16) -> 181514.31 | N16: Bekaa North | O16: 2026-2027 | P16: Farmers Agro-Food processors ( if applicable) | Q16: Ministry of Labour, Ministry of Agricuture | R16: Industrial associatons (Association of Lebanese industrialists, local assosicatons, trade unioins) | S16: Access to socio-economic opportunities
A17: 2.4 | B17: EIIP supporting local infrastructure in the agriculture sector and short-term job creation | C17: Partner specific intervention | D17: MACP | E17: In the bridging phase of PROSPECTS and to complement activities under other EIIP projects, ILO is implementing green works that contribute to environmental preservation and improvement and land reclamation for enhanced agricultural productivity. These activities are strongly linked to and will complement work on value chain development and access to finance in the agriculture sector under PROSPECTS. In Phase II, ILO will expand these EIIP interventions to further develop agricture infrastructure, enhance productivity and efficiency among vulnerable farmers, and create short term employment opporutnites for Syrian refugees and vulnerable Lebanese. | F17: Pillar 2: ECONOMIC INCLUSION | G17: ILO | J17: 1321514.3 | M17: =SUM(H17:L17) -> 1321514.3 | S17: Access to socio-economic opportunities
A18: 2.5 | B18: Youth Innovation Programme (GIL) | C18: Aligned intervention | D18: MACP | E18: Given the fragility of the private sector in Lebanon, UNICEF is focusing on solutions that can support youth in learning skills needed for the future of work. These skills more and more are consolidated within the Youth Innovation programme which equips youth with industry certified digital skills and support on entrepreneurship skills development. The GIL labs network serves as an ecosystem providing the most marginalized youth with the chance to be part of the 4th industrial revolution and equipping them with the 21st century skills and income generation opportunities; through its 14 innovation labs spread across Lebanon in the most rural and vulnerable areas and through partners NGOs centers and UNRWA Sibline Vocational Training centers. GIL aims at identifying youth from different vulnerable population background, including refugees. This new funding window will also enable UNICEF to further tailor the GIL programme to ensure that refugees and most vulnerable can increasingly benefit from this innovative programme and tailored referral mechanisms will also be designed across UNICEF and partners to ensure maximum reach. After completing the digital skilling path under GIL, youth will be placed in jobs or income generation activities through B.O.T impact sourcing platform that was established by UNICEF and/or referred to jobs via the portal UNICEF is developing with the private sector and the Tech Working Group (TWG). The TWG portal is a centralized space where interested employers (local and international market) can submit their talent requests via a simple website, and a focal point will alert the relevant UNICEF implementing partners who will then share the CVs and profiles of their best candidates. The focal point will then interview these candidates and select the best ones to share these CVs with the companies and, should they be interested, the companies will be connected directly with the partner to arrange for an interview. As for the entrepreneurhsip path, after completing the design thinking and busines development, youth will have the chance to pitch their business ideas and get a chance to be incubated and funded. They will then be part of the entrepreneurship ecosystmen in Lebanon under Berytech's guidance. (SUGGEST REMOVING THIS, AS IT IS TOO DETAILED MAYBE AND ONLY LEAVE THE BELOW - PLEASE ADVISE) The GIL programme includes several tracks, summarized as follows: a) Social Entrepreneurship b) Employment hub c) Coding Bootcamps d) Digital Skilling | F18: Pillar 2: ECONOMIC INCLUSION | G18: UNICEF, ILO | H18: 5513983 | M18: =SUM(H18:L18) -> 5513983 | N18: National | O18: 2024-2027 | P18: Youth from 18 to 25 years. | Q18: MEHE,TVET | R18: Private sector, national innovation partners, local stakeholders | S18: Access to socio-economic opportunities
A19: 2.6 | B19: Support to value chain development and access to finance in the agriculture sector expanded | C19: Partner specific intervention | D19: MACP | E19: Phase I identified bottlenecks in the agriculture market system, and piloted several interventions to address them, enhance productivity, and support decent job creation. Building on this experience, ILO in phase II will : i) identify specific value chains based on value chain assessments; and ii) support key actors, including farmers, cooperatives, input suppliers and others across the value chains to reduce production cost, increase productivity, efficiency and competitiveness of products in the local and international markets. ILO's support will include both technical support (use of ILO tools for market systems development and cooperatives training and development) and access to finance through loan products, building on its work with a microfniance institution in Phase I and its engagement with key national and local actors in the sector. Specifically, it will work on designing loan products for farmers and cooperatives that promote green solutions and climate smart agriculture, including through energy and water savings; and support them in creation of livelihoods and decent employment opportunities for Syrian refugees and Lebanese workers. This set of interventions will be supported by work under the education pillar, which will address skills gaps in the identified value chains and will linked to interventions that focus on improving occupational safety and health and working conditions (under 2.4) and addressing child labour iat the sectoral level (under 3.2). | F19: Pillar 2: ECONOMIC INCLUSION | G19: ILO | J19: 2771514.3 | M19: =SUM(H19:L19) -> 2771514.3 | N19: Bekaa North ( Akkar and T5) | O19: 2024-2027 | P19: Farmers Agricultral workers Cooperatives Exporters, traders Agro-Food processors ( if applicable) | Q19: MOA DGCOOP | R19: Association of Lebanese Industrialists , Chambers of Commerce and Agricuture, MFIs, input suppliers, cooperatives | S19: Access to socio-economic opportunities
A20: 2.7 | B20: Technical and financial support to business start-ups, MSMEs and social and solidarity economy (SSE) initatives in emerging sectors scaled up to enhance their contributions to local economic development and job creation. | C20: Aligned intervention | D20: MACP | E20: Based on the results of a market assessment that will be conducted to identify the needs of MSMEs and SSEs with focus on emerging sectors (green, digital), ILO will pilot an innovative financial product with banks/MFIs/crowd fund to meet the different needs of youth start-ups and other existing businesses and SSEs that have growth and job creation potential, including for both Lebanese and refugees. This will be coupled with non financial services (trainings using ILO tools) that are necessary to guide the different needs of entrepreneurs in their start-up journey and the existing SSEs and MSMEs in their support to job creation, local development, and climate adaptation. This intervention will be coordinated with UNICEF's GIL programme to ensure synergies and complemetarity with youth start-ups, including possible referrals from the GIL programme to advanced entrepreneuship trainings by ILO. | F20: Pillar 2: ECONOMIC INCLUSION | G20: ILO, UNICEF | J20: 1821514.3 | M20: =SUM(H20:L20) -> 1821514.3 | N20: North, Beqaa, | O20: 2024-2027 | P20: MSMEs (Start-ups and existing) in promising sectors | Q20: MoA, MOSA, MoI, | R20: Bank/MFI, BDS providers, ALI | S20: Access to socio-economic opportunities
A21: 2.8 | B21: Enhanced occupational safety and health in the agriculture and agro-food sector | C21: Partner specific intervention | D21: MACP | E21: Occupational Safety and health (OSH) is a fundamental principles and right at work and at the core of promoting decent work. In phase I, ILO undertook an OSH assessment in the agricuture sector which highlighted major deficits in the sector and identified the need for capacity building on OSH both at the instiutional level and at the farm level. As a follow up, it developed an OSH guide and implemented a TOT and training for farmers and workers on OSH. Building on this work, ILO will work closely with the MoL and MoA and partners in Phase II to further promote OSH practices, including through conducting more trainings at the farm level. This will be linked to interventions on value chain and technical and financial support to farmers. ILO will also work closely with the MoL and ALI to develop and roll out guides on improving OSH in the agro-food sector. | F21: Pillar 2: ECONOMIC INCLUSION | G21: ILO | J21: 271514.31 | M21: =SUM(H21:L21) -> 271514.31 | N21: North, Beqaa, | O21: 2024-2027 | Q21: MoL, MoA, | S21: Access to rights
A22: 2.9 | B22: Improved capacity of partner institutions to promote and engage on rights at work for refugees, and Host communities | C22: Partner specific intervention | D22: MACP | E22: Building on work across pillars in Phase I to enable both national institutions, as well as implementing partners, to raise awareness amongst the target community on their rights at work, this intervention will streamline capacity building efforts using digital training tools and manuals on rights at work. This will include capacity building for TVET providers, line ministeries, national social protection institutions, cooperatives, INGOs and social partners. | F22: Pillar 2: ECONOMIC INCLUSION | G22: ILO | J22: 191514.31 | M22: =SUM(H22:L22) -> 191514.31 | N22: Country wide | O22: 2024-2025 | S22: Access to rights
A23: 2,10 | B23: Employment and Entrepreneurship: Start Mashreq (Fully funded under Propsects 1.0) | C23: Aligned intervention | D23: MACP | E23: This project aims to enhance the readiness of the entrepreneurship ecosystem in Lebanon through a virtual entrepreneurship education and structured incubation program for startups that would enable entrepreneurs to move to business acceleration and grow further through training, networking opportunities and mentorship support, among others, with a strong focus on women, youth, and forcibly displaced people (FDPs). The results of the proposed intervention will be investment ready or growth ready entrepreneurs empowered and equipped with the required tools and capacity to start and grow their businesses and seek investment from potential investors. The project also includes an acceleration track of growth stage startups by supporting growth businesses through workshops, sessions with international experts, and business networking events, in addition to portfolio support such as investor mixer events, participation in international/regional events, and international roadshows soliciting further investments in the companies.The project objective will be delivered with FLat6Labs as the primary partner and partnership with another Investment Fund and/or Incubator / Accelerator. | F23: Pillar 2: ECONOMIC INCLUSION | G23: IFC, ILO, UNICEF | L23: 572000 | M23: =SUM(H23:L23) -> 572000 | N23: Lebanon | O23: 2024-2025 | P23: Youth, women, FDP | Q23: None | R23: None | S23: Access to socio-economic opportunities
A24: 2.11 | B24: Labor Upskilling | C24: Aligned intervention | D24: MACP | E24: The objective of this intiative is to support select companies, that attract vunlerable groups such as youth, women, FDPs in their wokforce, to improve their value proposition which will be accomplished through the following : a. assessment of skills gap of workforce and factors affecting workforce retention, b. design and deliver an upskilling training program which will include at minimum three modules: soft skills, technical skills and entrepreneurial skills. Experience from the delivery of this training will inform the decision of a company to institutionalize the training and/or expand as needed. First collaboration / pilot has been established with Toters with cross border operations in Lebanon and Iraq. The intiative aims ultimately to improve labor mobility for the most vulnernable groups from host communities and FDPs. Following successful implementation at the firm specific level the initiative aims to achieve results at scale in partnership with industry / business associations or other entities with significant private sector reach, and assuming governing national policies allow for such an approach. | F24: Pillar 2: ECONOMIC INCLUSION | G24: IFC,ILO,UNICEF | L24: 690000 | M24: =SUM(H24:L24) -> 690000 | N24: Lebanon | O24: 2024-2027 | P24: Youth, women, FDP workers | Q24: None | R24: Toters (as a pilot) | S24: Access to socio-economic opportunities
A25: 2.13 | B25: PIPELINE: Exploring opportunity with MFI and FI - Blended Finance | C25: Partner specific intervention | D25: MACP | E25: PIPELINE BLENDED FINANCE : IFC promotes financial inclusion in Lebanon by conducting market segmentation and analyzing gaps in access to financial services. This includes identifying potential blended finance Blended Finance interventions to address these gaps and preparing the groundwork for future investments. Specifically IFC could engage with two microfinance institutions (MFIs) in Lebanon, to assess their impact and identify opportunities for expanding financial services to underserved populations. | F25: PILLAR 2: ECONOMIC INCLUSION | G25: IFC | L25: 5000000 | M25: =SUM(H25:L25) -> 5000000 | N25: Lebanon | O25: 2024-2027 | P25: Youth, women, FDPs in value chains and working force | Q25: None | R25: TBD | S25: Access to socio-economic opportunities
M26: =SUM(H26:L26) -> 0
A27: Pillar 3: PROTECTION AND SOCIAL PROTECTION | M27: =SUM(H27:L27) -> 0
A28: 3.1 | B28: Support for the Social Recovery Needs of Vulnerable Groups | C28: Aligned intervention | D28: MACP | E28: Support the immediate social recovery needs of vulnerable groups following the port of Beirut explosion. This will be done by supporting non-government stakeholders that are engaged and have a track record in social recovery services by improving their capacity to participate in the broader social recovery and reconstruction processes. The additional PROSPECTS funding would allow for an expansion to increase the focus on specific population groups which would require some adjustments to address the unique needs of refugees, increase their access to services, and maintain the project’s relevance. Programming under IRC’s current World Bank-funded project already ensures access to justice for children within shelters, offering a secure environment within a well-organized framework. Most of these children are Syrian refugees, their vulnerable situation making them susceptible to increased abuse and violence. This critical access initiative is ongoing, and with supplementary funding, we would establish partnerships with local organizations that operate within juvenile prisons, particularly considering the significant number of refugees without support in these facilities. Expanding and enhancing the project’s reach to refugees under these areas of intervention would involve enlisting community health workers and volunteers from the refugee community to bridge information gaps and increase refugee community awareness. By establishing partnerships with local health actors specialized in inclusion, disability, mental health, and psychosocial support within refugee-dense areas, we would amplify our project's reach and accessibility. Expanding primary healthcare aligns seamlessly with existing PHCCs serving a substantial refugee population across the country. Furthermore, we would develop and share focused communication materials to bolster refugees' access to services, ultimately achieving more program engagement. Though the social services supported are inclusive, a significant portion of our beneficiaries in the GBV workstream are from non-Lebanese origin. To make this more concrete, recent results reported by IRC (end-July) show that of the 424 beneficiaries who have received GBV support through the project, a staggering 346 (~82%) are of non-Lebanese origin. This is due to the facts that: (1) refugees are of course considerably more exposed to GBV risks and (2) we support NGOs that run several shelters which specifically target such groups (migrants, refugees). (Also interesting to note here is that included amongst the 346 non-Lebanese beneficiaries are 56 non-Lebanese girls and non-Lebanese 61 boys – i.e. children and youth represent ~34% of our non-Lebanese GBV beneficiaries). | F28: Pillar 3: PROTECTION AND SOCIAL PROTECTION | G28: WB + maybe UNICEF/UNHCR | K28: 8650000 | M28: =SUM(H28:L28) -> 8650000 | N28: Lebanon | O28: Jan 2024 - June 2026 | P28: The specific groups targeted by the project include: (i) survivors and those at-risk of GBV; (ii) those suffering from deteriorated psycho-social wellbeing; (iii) and persons with disabilities and older persons facing limitations related to their physical and/or mental status. Given the cross-cutting nature of their vulnerability, refugees/displaced persons and migrant domestic workers are also targeted across the project’s workstreams. | Q28: Coordination and collaboration through implementation partners with Ministry of Public Health—National Mental Health Program (MOPH-NMHP), Ministry of Justice (MOJ) and Ministry of Social Affairs (MOSA). | R28: International Rescue Committee (IRC) as the grant recipient and implementing agency of the project, partnering with a series of local NGOs already working in the delivery of key services to target groups. | S28: Access to basic services
A29: 3.2 | B29: Household Survey for Inclusive Development in Lebanon | C29: Collective intervention | D29: MACP | E29: The World Bank, in collaboration with UNHCR will implement two rounds of phone surveys to assess the impact of the conflict and displacement on household welfare. The key deliverables will be two anonymized clean datasets and analytical briefs accompanying each survey round describing the socio-economic condition of HCs and FDPs. | F29: Pillar 3: PROTECTION AND SOCIAL PROTECTION | G29: World Bank, UNHCR, ILO | I29: 500000 | K29: 2000000 | M29: =SUM(H29:L29) -> 2500000 | N29: Lebanon | O29: 2024 - 2026 | P29: Host community ad forcibly displaced populations | Q29: Central Administration of Statistics (tentative)
A30: 3.3 | B30: Registration intervention | C30: Partner specific intervention | D30: MACP | E30: Update and verify the registration data of the Syrian refugee population on a regular basis, allowing UNHCR and all Prospects partners and beyond to effectively plan and deliver protection, assistance, and resilience programmes for refugees​. This intervention benefits Access to rights and Access to services outcomes within the ToC and supports partners across the 4 pillars. | F30: Pillar 3: PROTECTION AND SOCIAL PROTECTION | G30: UNHCR | I30: 4000000 | M30: =SUM(H30:L30) -> 4000000 | N30: Country wide | O30: 2024-2027 | P30: FDPs | S30: Access to rights
A31: 3.4 | B31: Institution strenghtening for Birth registration | C31: Aligned intervention | D31: MACP | E31: Capacity building of the Directorate General of Personal Status (PSD) by improving staff capacity which will increase the efficiency of PSD in processing, ultimately encouraging refugees to approach PSD for civil documentation, and provide adequate trainings and capacity building activities to facilitate the birth registration of children born to Syrian refugees and marriage registration of refugee (critical to birth registration). | F31: Pillar 3: PROTECTION AND SOCIAL PROTECTION | G31: UNHCR, UNICEF | H31: 104399 | I31: =187793.43*4 -> 751173.72 | M31: =SUM(H31:L31) -> 855572.72 | N31: Country wide | O31: 2024-2027 | P31: FDPs | Q31: MOIM/PSD | R31: n/a | S31: Access to rights
A32: 3.5 | B32: Institution strenghtening for Legal Residency | C32: Partner specific intervention | D32: MACP | E32: GSO capacity building interventions involve the provision of material support such as IT equipment and building/equipping regional centres and staff training. This improves GSO’s processing capacity, efficiency and administrative consistency across centres and results in an increased number of residency renewal applications processed and successful, which in turn builds refugee confidence to approach GSO and thus obtain legal residency, key to FDPs to withstand protection risks. Direct support and capacity building of the General Directorate of General Security (GSO) will be completed by groups’ accompaniment to the GSO to restore trust and encourage refugees to approach centres for legal residency renewal or applications will lead to increased good practices and ultimately higher number of residency renewal/applications. | F32: Pillar 3: PROTECTION AND SOCIAL PROTECTION | G32: UNHCR | I32: =469483.57*4 -> 1877934.3 | M32: =SUM(H32:L32) -> 1877934.3 | N32: Country wide | O32: 2024-2027 | P32: FDPs | Q32: GSO | R32: n/a | S32: Access to rights
A33: 3.6 | B33: Legal Aid intervention for increased access to civil documentation and Legal residency | C33: Collective intervention | D33: MACP | E33: UNHCR and UNICEF will work together to raise awareness and provide information on birth registration and the issuance of certificates. UNHCR will provide legal aid, counselling and representation to increase access of FDPs to civil documentation, with a focus on the birth registration of children born to Syrian refugees, as well as facilitation of group accompaniment to the GSO to build up trust and encourage refugees to approach GSO centres for legal residency renewal/applications. | F33: Pillar 3: PROTECTION AND SOCIAL PROTECTION | G33: UNICEF, UNHCR | H33: 847000 | I33: =938967.14*4 -> 3755868.6 | M33: =SUM(H33:L33) -> 4602868.6 | N33: National | O33: 2024-2027 | P33: Children in Lebanon (All nationalities) | Q33: MOIM, MOJ, MOHP | R33: UNHCR, UNDP, local civil society actors, Red Cross, social media/media | S33: Access to rights
A34: 3.7 | B34: Strategic strenghtening of national frameworks on Child Protection and GBV | C34: Collective intervention | D34: MACP | E34: UNHCR and UNICEF will strengthen national child protection systems and child-friendly refugee protection to better respond to the needs of refugee and host community children. This will be done by reinforcing the Best Interests Determination (BID) Procedures within the national system, include BID in the Child Protection National Case Management Standard Operating Procedures (SOPs), and provide vulnerable refugee children, including unaccompanied separated children, with case management through the best interest procedure. To contribute to the social workforce strengthening in support of the national system, UNHCR and UNICEF will provide training and coaching on child protection topics to government and partner staff and the Ministry of Justice (MoJ) mandated NGOs, MoSA case workers, and outreach volunteers on core child protection aqnd Genver Based Violence case management concepts and practices, national judicial services, and legal pathways for children at risk, as well as supporting children with disabilities. UNHCR and UNICEF will work together to build on the progress made in strengthening the child protection system in Lebanon over the past decade. Focus will be on strengthening access to child justice (endorsement of amendments to law 422 by Parliament and finalizing policies and procedures around alternatives to detention and diversion), implementing important reforms related to the children's care system in Lebanon including Alternative Care and supporting MEHE in accelerating the implementation of its Child Protection Policy in Public Schools. Furthermore, UNICEF in collaboration with UNHCR, ILO and FAO, will collaborate around advocacy on child labour to strengthen the Child Labour Steering Committee and implementation of Child Labour Action Plan through localized structures. The organisations will advocate to raise the age of child labour to 15 to align with minimum age for children to stay in education. UNICEF will provide support to the national administrative data systems to support effective case management interventions by safely collecting and reporting on child protection data on forcibly displaced children and host community children through the roll out of the GBV IMS+ and CP IMS+ systems. | I34: =955868.54*4 -> 3823474.2 | M34: =SUM(H34:L34) -> 3823474.2
A35: 3.8 | B35: Inclusive prevention, protection and social services delivery at Community Level | C35: Collective intervention | D35: MACP | E35: UNHCR and UNICEF will provide safe spaces and increased access to prevention, protection and social services delivery with a focus on women and girls. UNHCR’s network of 26 Community Centres (UNHCR supported Community Development Centres and MOSA Social Development Centres) nationwide serve as safe spaces for the delivery of quality social services, including case management for GBV and child services, skills training, and livelihood support. These services are available to both vulnerable Lebanese and non-Lebanese individuals whether in-person or through mobile and/or online means—and complemented through the mobilization of general Outreach Volunteers (OVs) capacitated to share information and community concerns, identify and refer persons at heightened risk, and contribute to community-based solutions and UNHCR 's Accountability to Affected People. Service Delivery at Community Centres are also closely integrated within the Education and Learning as well as Employability pillars, facilitating direct connections and referrals to educational, training, and employment opportunities. UNICEF will continue providing an integrated package of services such as recreational activities, psychosocial support, case management, and specialized services in safe spaces for women and girls. Moving forward, the package of GBV services will be provided in 8 Social Development Centres and 8 NGO community centres or Primary Health Care Centres distributed across governorates. In complementarity of the static and mobile GBV safe spaces, UNICEF will be launching the LAHAA virtual safe space. The LAHAA is an online platform to provide women and girls under restricted mobility with information and services related to GBV regardless of where they are located. Additionally, supporting young girls to access learning opportunities and skills building will continue to be scaled up. UNICEF will integrate a clear focus on GBV prevention through the implementation of Qudwa a social and behavioural change communication strategy that aims at addressing violence against women and children and clear GBV risk mitigation activities that are critical for creating safe and inclusive environments that promote gender equality and protect the rights and wellbeing of all individuals, particularly women, boys, and girls. Under the Qudwa approach, UNICEF will systematize VAC prevention through collaboration in community-based child protection and social and behavioral change (Qudwa) - Strengthening CP actors community based prevention implementation based on the QUDWA model (this includes capacity building and mentorship) in addition to the strengthening of existing networks of influencers advocating and promoting children rights at the grassroot level, including religious leaders, farmers, business, Shawiz and local change agents. A Qudwa documentary will be produced in this time period as to ensure this social mobilisation is documented in terms of transformational change around social norms and behaviours in most vulnerable communities around child marriage, child labour and violence against women and children. UNICEF will ensure child protection and MHPSS mainstreaming in other sectors through the scale up of MHPSS interventions for children. This will be achieved through peer to peer psychological first aid and the wellbeing app, youth and adolescents’ mental health awareness raising, reducing stigma on mental health, and increasing positive awareness of mental health issues through advocacy campaigns to support young people. UNICEF will also support the mainstreaming of parent and caregiver support through education and health programmes. Lastly, community-based prevention activities and Qudwa - Social and Behavioural change communication activities in Makani and Dirasa will also be conducted. UNHCR and UNICEF will also support the provision of a crucial social safety net to promote HC and FDPs' access to mental healthcare at both the primary and referral levels. MHPSS is implemented in close collaboration with the Ministry of Public Health within the context of the Ministry’s National Mental Health programme to strengthen the national health system. These services are available at partners' supported Public Health Centres (PHCs) and for UNHCR also at specialized centres for psychiatric care (RESTART centres) where consultations focus on the rehabilitation of survivors of violence, torture, and war trauma, children engaged in labour, and Gender-Based Violence (GBV) survivors, including survivors from the LGBTI community. In addition, with mental health needs increasing and given the limited availability of wide-spread MHPSS services, UNHCR trained OVs and frontliners to provide their communities with the techniques and tools that allow them to manage stress, adversity and daily problems. Given the proven impact of such community-based PSS intervention on refugees supported by OVs, UNHCR is seeking to further increase the pool of community-based PSS trained OVs in order to reach more community members. UNHCR is also seeking to further develop the skills of OVs to create peer network among adolescents through an intervention developed by UNICEF, Save the Children, the MHPSS Collaborative and WHO, called "I Support My Friends." It is a form of psychological first aid, that equips older children and adolescents with the skills and knowledge to support their friends in distress, under the mentorship and guidance of trusted adults (trained OVs). All community-based PSS interventions and related tools are established in coordination with a dedicated Project Steering Committee comprised of the NMHP, UNICEF, and WHO. Systematizing VAC prevention through collaboration in community-based child protection and social and behavioral change (Qudwa) - Strengthening CP actors community based prevention implementation based on the QUDWA model (this includes capacity building and mentorship) in addition to the strengthening of existing networks of influencers advocating and promoting children rights at the grassroot level, including religious leaders, farmers, business, Shawiz and local change agents. A Qudwa documentary will be produced in this time period as to ensure this social mobilisation is documented in terms of transformational change around social norms and behaviours in most vulnerable communities around child marriage, child labour and violence against women and children. | F35: Pillar 3: PROTECTION AND SOCIAL PROTECTION | G35: UNICEF, UNHCR | H35: 4981538 | I35: 11760563 | M35: =SUM(H35:L35) -> 16742101 | N35: National, North and BML for UNHCR supported RESTART Centres | O35: 2024-2027 | P35: Policy makers, civil servants, civil society representatives | Q35: MoSA, MoL, MoPH, MEHE, Parliament, MOJ | R35: TDH, Embrace SDC, municipalities | S35: Access to rights
A36: 3.9 | B36: Systems Strengthening, Evidence Generation and Policy | C36: Collective intervention | D36: MACP | E36: ILO and UNICEF will develop policy analysis, advocacy, and technical support to build a comprehensive and coordinated social protection system as part of the National Social Protection Strategy (NSPS). This will include providing technical support on relevant NSPS interventions and support to building of national databases and the social registry that is inclusive of persons with disabilities, build referrals to NDA recipients (cash plus) to support learning opportunities for persons with disabilities, and knowledge products and advocacy briefs to support the sustainable financing of inclusive and gender-responsive social protection. | F36: Pillar 3: PROTECTION AND SOCIAL PROTECTION | G36: UNICEF, ILO | H36: 1177988 | J36: 329514.31 | M36: =SUM(H36:L36) -> 1507502.3 | N36: National | O36: 2024-2027 | P36: Vulnerable groups from all nationalities, inlcuding children and youth | Q36: MoSA | S36: Access to rights
A37: 3,10 | B37: Enhanced "nexus" coordination and capacity of humanitarian and development actors for inclusive, integrated and rights-based contributory and non-contributory social protection approaches | C37: Partner specific intervention | D37: MACP | E37: Nexus coordination in social protection is increasingly critical in the social protection sector and sustainable solutions needs to entail both contributory and non-contributory approaches. The intervention will adopt lessons learned by ILO and partners on social protection nexus-coordination in the region including through structured dialogue facilitation and capacity building. With support from PROSPECTS and in collaboration with other initiatives, the TRANSFORM-MENA programme will be utilized in response to capacity development needs of humanitarian and develoment stakeholders in the social proteciton sector in Lebanon. TRANSFORM-MENA is an inter-agency collaborative initiative mobilized in response of increasing capacity developments need in the social protection in the region. The joint activity entails adaptation and development of training modules related to inclusive social protection approaches in HDP nexus context, and the transition from social assistance to employment-related social insurance. Finally the invervention will support rights-based assessment of the design and implementation of national and humanitarian cash assistance and technical assistance for operationalization of recommendations for adoption of rights based approaches by nexus stakeholders. | F37: Pillar 3: PROTECTION AND SOCIAL PROTECTION | G37: ILO | J37: 309739.31 | M37: =SUM(H37:L37) -> 309739.31 | N37: National | P37: Humanitarian and development partners | Q37: MoSA, PCM | S37: Access to rights
A38: 3.11 | B38: Expand the Coverage of National Social Protection Benefits | C38: Collective intervention | D38: MACP | E38: ILO and UNICEF will provide social cash assistance to vulnerable children and youth (ages 15-24 years old) from all nationalities supported through Prospects as part of national social protection benefits. The action is expected to support persons with disabilities with at least 50% refugees, as part of the National Disability Allowance implemented by UNICEF with ILO and the Ministry of Social Affairs - the first social protection scheme to include FDP in Lebanon. The action will contribute towards schemes that extend access to national social protection benefits as part of the National Social Protection Strategy with an inclusive and life-cycle approach. ILO will support NDA governance, including development of performance monitoring and accountability framework (impact assessment of the NDA and support to learning and evidence dissemination agenda). In addition, ILO and UNICEF will also contribute to implementing shock-responsive measures to address the needs of PWDs in the context of the conflict in Lebanon, specifically the vertical (top-ups for greater adequacy for existing beneficiaries) expansion of the NDA. UNHCR will provide a monthly multi-purpose cash grant to the most severely vulnerable refugee families to meet survival needs, reduce protection risks including negative coping mechanisms, and build resilience. This intervention is aligned with other partners cash interventions and coordinated under the Basic Assistance Working Group. UNHCR's Multi purpose Cash Assistance is complementary to the delivery of quality social services provided across populations though its network of 26 Community Centres nationwide. | F38: Pillar 3: PROTECTION AND SOCIAL PROTECTION | G38: UNICEF, ILO, UNHCR | H38: 4754949 | I38: =1045843.43*4+1120229.75-996000+305859.13 -> 4613462.6 | J38: 587460.31 | M38: =SUM(H38:L38) -> 9955871.9 | N38: National | O38: 2024-2027 | P38: Vulnerable groups from all nationalities, including children and youth | Q38: MoSA | S38: Access to rights
A39: 3.12 | B39: Piloting of private-public partnership and insurance based models for host communities and refugees to support extension of health coverage to vulnerable populations (e.g. persons with disabilities, agriculture) | C39: Collective intervention | D39: MACP | E39: Amidst the collapse of the country's health financing system and the emerging risk of privatization of healthcare coverage, leading to further inequities and disproportionately impacting access to the most vulnerable, there's a need to develop innovative solutions that build on capacity within the private sector while retaining solidarity-based and collective financing approaches. To address this, support will be provided towards the development and piloting of private-public partnership (or insurance-based models) for refugees and host communities to support extension of health coverage, increase efficiency in access to health care services and address acute health financing gaps of vulnerable populations (e.g. persons with disabilities, agriculture), in line with international social security standards and building on results from national dialogue on health financing and analysis. After initial assessment of needs, market capacity and prototyping of alternative models, the intervention will support small scale piloting and proof of concept. The initiative builds on Phase I assessment of social (health) protection needs and gaps, including in the Agriculture sector. | F39: Pillar 3: PROTECTION AND SOCIAL PROTECTION | G39: ILO, UNHCR | J39: 887460.31 | M39: =SUM(H39:L39) -> 887460.31 | N39: North/Beqaa | O39: Jan 2024-Dec 2026 | P39: vulnerable Lebanese communities and Syrian refugees, including PWDs and workers in the agriculture sector | Q39: MoSA, MoH, MoA | R39: DPOs, local partners | S39: Access to rights
A40: 3.13 | B40: Targeting and Data sharing intervention | C40: Partner specific intervention | D40: MACP | E40: UNHCR will provide tailored support to Prospects partner organizations to optimize the targeting and referral of vulnerable refugees for selected education and employment programme activities, using the refugee database as the primary source of information. | F40: Pillar 3: PROTECTION AND SOCIAL PROTECTION | G40: UNHCR, ILO, UNICEF, WB, IFC | I40: =16901.41*4 -> 67605.64 | M40: =SUM(H40:L40) -> 67605.64 | N40: Country wide | O40: 2024-2027
A41: 3.14 | B41: Integrated support in addressing child labour and its root causes | C41: Collective intervention | D41: MACP | E41: As a result of multiple crises in Lebanon over the past decade and particularly over the past four years, child labour as a negative coping mechanism has increased in prevalence and has deepend across the country amongst both Syrian refugee and Lebanese host communities. Within the framework of a recently developed joint UN framework for addressing child labour in Lebanon, and building on its mandate and previous work in this space, including in the development of the National Action Plan on Child labour, the ILO will work closely with UNICEF and in close coordination with UNHCR under PROSPECTS II to support the Lebanese Government in addressing child labour through a set of upstream and downstream actions. These include: i) support to review of national legislation, policy advocacy and coordination; ii) sectoral interventions at the sub-national level with the focus on the agriculture sector and iii) integrated programmatic interventions to support children engaged in street connected work through the establishments of safe spaces (drop-in centers). These interventions will be coordinated through area based task forces (ABTF) that will be established across four governorates with the engagement of key stakeholders and public institutions at local level (SDC's, juvenile judges, muncipality focal points,...). Sectoral interventions will be linked to ILO's work under pillar 2 to promote livelihoods and decent work in the agriculture sector and align with UNICEF's community mobilization approach with farmers (QUDWA). These interventions will specifically utilize some of the ILO tested tools, such as Child labour for cooperatives as a means to reinforce their role in supporting the elimination of child labour and elevating the voice of smallholder farmers. They will also support case management for both vulnerable Lebanese and Syrian children in (the worst forms of) child labour. | F41: Pillar 3: PROTECTION AND SOCIAL PROTECTION | G41: ILO, UNICEF, UNHCR | J41: 1345970.3 | M41: =SUM(H41:L41) -> 1345970.3 | N41: National, Beqaa,North | O41: 2024-2027 | P41: Children in worst forms of CL, particularly in agriculture | Q41: MoL, MoA, National Steering committee on CL | S41: Access to rights
A42: Pillar 4: CRITICAL INFRASTRUCTURE | M42: =SUM(H42:L42) -> 0
A43: 4.1 | B43: The Installation/ Rehabilitation of WASH facilities in Makani/ Dirasa Centers | C43: Aligned intervention | D43: MACP | E43: WASH facilities constituting of water and wastewater facilities including water storage tanks, latrines, and handwashing stations. Activities also include ensuring access to safe water through connection to existing networks or provision of water trucking as a last resort, connections to wastewater networks, the provision of localized treatment facilities, and the provision of desludging activities as a last resort. | F43: Pillar 4: CRITICAL INFRASTRUCTURE | G43: UNICEF | H43: 288000 | M43: =SUM(H43:L43) -> 288000 | N43: National level | O43: 2024-2027 | P43: OOS children, In school vulnerable children | Q43: MOEW | R43: NGO Partners | S43: Access to basic services
A44: 4.2 | B44: WASH Facilities Installation/ Rehab - Household level for students | C44: Aligned intervention | D44: MACP | E44: WASH facilities constituting of water and wastewater facilities including water storage tanks, latrines, and handwashing stations. Activities also include ensuring access to safe water through connection to existing networks or provision of water trucking as a last resort, connections to wastewater networks, the provision of localized treatment facilities, and the provision of desludging activities as a last resort. | F44: Pillar 4: CRITICAL INFRASTRUCTURE | G44: UNICEF | H44: 777000 | M44: =SUM(H44:L44) -> 777000 | N44: National level | O44: 2024-2027 | P44: OOS children, In school vulnerable children | Q44: MOEW | R44: NGO Partners | S44: Access to basic services
A45: 4.3 | B45: Provision and distribution of Hygiene items | C45: Aligned intervention | D45: MACP | E45: UNICEF will provide and distribute hygiene items/ kits in Makani/ Dirasa centers as well as to vulnerable students at the household level to ensure proper hygiene practices. These supplies include soap, hygiene kits, dignity kits, and sanitation kits. | F45: Pillar 4: CRITICAL INFRASTRUCTURE | G45: UNICEF | H45: 719646 | M45: =SUM(H45:L45) -> 719646 | N45: National level | O45: 2024-2027 | P45: OOS children, In school vulnerable children | Q45: MOEW | R45: NGO Partners | S45: Access to basic services
A46: 4.4 | B46: Community Engagement on WASH | C46: Aligned intervention | D46: MACP | E46: Community Engagement activities linked to vulnerable students. Under this activity UNICEF will identify barriers that prevent these students from accessing education centers. Following identification of these barriers, UNICEF will respond with either social behavior change strategies or referrals to other programmes depending on the specific needs. | F46: Pillar 4: CRITICAL INFRASTRUCTURE | G46: UNICEF | H46: 193000 | M46: =SUM(H46:L46) -> 193000 | N46: National level | O46: 2024-2027 | P46: OOS children, In school vulnerable children | Q46: MOEW | R46: NGO Partners | S46: Access to basic services
A47: 4.5 | B47: Community Support Intervention | C47: Aligned intervention | D47: MACP | E47: Community Support Projects (CSPs) are intended to preserve the protection space (rights and hospitality) provided by local authorities and the host community, mitigate the impact of the refugee presence on host communities, promote social cohesion, and contribute to bridging the gap between humanitarian assistance programmes and development interventions. Interventions can cover a wide range across all sectors, including water, sanitation, and social and physical infrastructure, to help mitigate the strain on local infrastructures and services caused by the presence of an additional population as part of responsibility sharing and promote social stability through projects that benefit all populations. Where applicable, UNHCR will focus on areas where an Area Based Approach (ABA) is in place, so the selection of the neighborhoods relies on a needs-based assessment to ensure a holistic, efficient response and programming, encompassing both development and humanitarian aspects. | F47: Pillar 4: CRITICAL INFRASTRUCTURE | G47: UNHCR, UNICEF | M47: =SUM(H47:L47) -> 0 | N47: TBC | O47: 2024-2027 | P47: FDPs and HC | Q47: MoPH, MoE, municipalities | S47: Access to basic services
A48: 4.6 | B48: Quality and Affordable Housing Intervention | C48: Aligned intervention | D48: MACP | E48: Provision of adequate shelter for refugees and host communities to ensure safety and dignity. This will consisit of shelter lifesaving interventions as well as mitigation measures to prevent eviction and social tensions. This intervention is also implemented under the Area Based Approach described above. | F48: Pillar 4: CRITICAL INFRASTRUCTURE | G48: UNHCR, UNICEF | I48: =187793.43*4 -> 751173.72 | M48: =SUM(H48:L48) -> 751173.72 | N48: TBC | O48: 2024-2027 | P48: FDPs and HC | Q48: MoE, municipalities | S48: Access to basic services
A49: 4.7 | B49: PIPELINE: Lebanon Solar - Blended Finance | C49: Partner specific intervention | D49: MACP | E49: PIPELINE BLENDED FINANCE: The project aims to address Lebanon's severe power shortage by leveraging the Prospects blended finance instrument to de-risk and enhance the financial viability of high-impact solar projects benefiting forcibly displaced persons (FDPs) and host communities. IFC is considering financing two 15 MW solar PV plants, part of a larger government-backed program of 11 plants. These projects face challenges securing financing due to Lebanon's ongoing economic crises and power shortages exacerbated by the influx of refugees. The Government of Lebanon will enter into long-term power purchase agreements (PPAs) for the projects, and the blended finance loan will help mitigate risks and support the project's economics. The additional solar capacity will contribute to the national grid, where power supply has been limited, with consumers experiencing only 2-5 hours of electricity per day due to the country's power crisis. | F49: Pillar 4: CRITICAL INFRASTRUCTURE | G49: IFC | L49: 8000000 | M49: =SUM(H49:L49) -> 8000000 | N49: National level | O49: 2024-2027 | P49: FDPs and HC | S49: Access to basic services
M50: =SUM(H50:L50) -> 0
A51: TOTALS | H51: =SUM(H2:H50) -> 39552914 | I51: =SUM(I2:I50) -> 39358961 | J51: =SUM(J2:J50) -> 14222121 | K51: =SUM(K2:K50) -> 11800000 | L51: =L4+L24+L25+L49 -> 13690000 | M51: =SUM(H51:L51) -> 1.18624e+08
A52: Total MACP activity costs USD | D52: Total OF activity costs USD
A53: Organization | B53: Total (2024-2027) | D53: Organization | E53: Total (2024-2027)
A54: UNHCR | B54: =SUM(I3:I49) -> 39358961 | D54: UNHCR | E54: 0
A55: UNICEF | B55: 39552915
A56: ILO | B56: =J51 -> 14222121 | D56: ILO | E56: 0
A57: World Bank | B57: 10000000 | D57: World Bank | E57: 0
A58: IFC | B58: =L51 -> 13690000 | D58: IFC | E58: 0
A59: Total | B59: =SUM(B54:B58) -> 1.16824e+08 | D59: Total | E59: =SUM(E54:E58) -> 0

Sheet Tab 3 Policy Matrix
A1: Policy Priorities | B1: Key challenges | C1: Key milestones | D1: Key stakeholders | E1: Support through programming
A2: Enabling access to nonformal education MFP (NFE/TVET) while ensuring a seamless transition to formal education systems (public and TVET schools). | B2: • Ambiguity in the legal structure governing NFE programmes, leading to unclear mandates between MOSA and the Ministry of Education and Higher Education (MEHE). Efforts are underway to develop a system-level action plan addressing this. • Challenges in gaining unanimous support from sector partners for the introduction of standardized database systems, curriculum upgrades, and teacher training. The MFP taskforce, alongside Prospects partners, is orchestrating a consultation phase to bolster this vital initiative. • The current lack of a central database for out-of-school children (OOSC). Initiatives are being undertaken to consolidate this information, ensuring precise policy interventions. • Insufficient integration of both horizontal and vertical academic pathways, as well as modular courses, in facilitating continual academic and professional growth. • Predominant absence of career counselling in most TVET institutions. • Outdated curriculum structures that aren't competency focused. • No unified benchmarks for evaluating competencies, curriculum quality, and impact. | C2: By end of 2024: The TVET Directorate in cooperation with Prospects partners, will initiate 3 key reforms based on the strategic objectives of the TVET National Strategic Framework (2024-2028) in cooperation with TVET private sector task forces. By the end of 2024: Draft the MFP guidelines, policies and framework. By the end of 2025: Pilot test and analyze the MFP guidelines, policies and framework. By the end of 2026: Fully operationalize the MFP guidelines , policies and framework. By the end of 2027: Standardize and launch the MFP guidelines , policies and framework at the national level as an integral part of the MEHE’s new 5-year strategic plan. | D2: The government bodies in Lebanon such as MEHE, TVET Directorate, and various ministries; essential NGOs at both local and international levels contributing to MFP programs; the TVET private sector and their taskforces; academic personnel like directors and teachers within the TVET framework; collaboration with donors, especially the Education Donor Working Group; NGOs and partners focusing on capacity building and program execution. | E2: The policy's execution will standardize and enhance MFP programs for sector partners nationally. It aims to bolster initiatives supporting out of learning children and youth, dedicated to supporting marginalized children by providing access to top-tier education and holistic services. Furthermore, as part of the educational revival in Lebanon, UNICEF and UNHCR will support education sector partners under pillar 1 to prioritize broadening access to education, modernizing learning techniques, and improving the institutional capacity of educational institutions to cater to the private sector's demands and the market fund and move from learning to earning.
A3: Strengthening TVET goverance to deliver quality, efficient, and effective market relevant skills training, with strong linkages to the private sector | B3: -Centralised and outdated governance system with limited inter-institutional coordination mechanisms to harmonize practices, define priorities and learn from progress, and limited systemic engagement of the private sector. -The resources allocated to the different TVET institutions are neither sufficient nor lined with outputs, hence not adequately directed towards market relevant skills delivery. This negatively impacts the provision and quality of training. Partnerships with the private sector to leverage private funds are very limited. -The scarcity of accurate and reliable information on the current and future needs of the labour market impedes TVET training in adapting programmes to address these needs. -The formal TVET remains centralized, while work-based learning is weak and there is little involvement of the private sector in programme design, delivery and assessment. Most curricula remain outdated, not based on the competencies demanded by industries, while infrastructure, such as job-related equipment and learning materials, is weak. Shortage of qualified trainers and teachers compounds the poor quality of the TVET system. -The system suffers from a constrained access to TVET for vulnerable people, such as those with disabilities or a migrant background, while gender-specific issues are not sufficiently tackled to improve equality across the different TVET programmes. - Impact of the economic crisis on the TVET sector and schools which has triggered a major drop in the access and quality of learning | C3: - By 2024 initiate implementation of the NSF for TVET -By 2024 facilitation of social dialogue on TVET strategy - By 2025, facilitation of social dialogue between government and private sector for further engagement and strengthened collaboration on skills policy and system development | D3: MEHE/DGTVET, MOA, MOSA, MOL_NEO, NVTC, GIZ | E3: -Institutionalization of skills assessments, forecasting, and monitoring of skill delivery outcomes -Strengthening the capacity of TVET schools to deliver market relevant skills training - Support the implementation of the National Strategic Framework for TVET -Support to enhance the operational efficiency of the services provided by the Directorate General of TVET - Facilitating access to education by preparing TVET centers, schools, and institutes to adapt modern learning methods. Thus, the institutional capacity of TVET centers, school and institutes will be supported to deliver quality education relevant to private sector needs. The work around modernizing new BT curricula will be in cooperation with the TVET Directorate and TVET schools to limit the mismatch between TVET curricula and market needs. - Developing new capacity building programmes to targeted schools, teachers and directors in TVET will be an important pillar to work on under the system strengthening and policy activities such as: building the capacities of curricula developers and roll out the EMIS through IT focal points and school directors. -Building on the momentum of SUL, the focus is now on scaling up the offering and reach a higher and broader segment of the Lebanese youth, including refugees. The FT platform supports youth through their digital learning journey and job search in the tech and creative sectors with a specific priority for the full subsidy (i.e., access to free trainings and certification) given to refugees based in Lebanon and young people with disabilities (PWD). A microwork activity is already proposed to specifically target refugees, vulnerable and low-skilled youth to offer them digital literacy training linked to microwork opportunities. Finally, to ensure the initiative's long-term growth and sustainability, plans are in place to evaluate the impact of both the Forastech platform and the microwork activities, and develop sustainability plans to become self-financed in the medium to long term. - Introducing the necessary adaptations and reforms to the TVET sector, including the digitalization and CBT curricula development, to ensure that the needed governance structure is there for the strategy's successful implementation and for funding to be secured. - Establishing a modern and integrated qualification system that simulates international systems, integrating international standards for recognition and covering all levels of learning in vocational and technical education and training. - Providing adequate capacity building to ensure that caretakers of TVET in the central administration, administrators in technical institutes and schools, and teachers are capacitated to implement the strategy and to improving quality and up-to-date knowledge and skills. - Promoting and encouraging the inclusiveness of marginalized youth, women, refugees, and persons with disabilities leaving no one behind. - Expanding work-based learning (WBL) opportunities to TVET graduates in cooperation with private sector employers. - Working on the current emerging needs for sustainable education and economic development by promoting lifelong learning and putting an equal focus on providing quality and relevant education and training to address the problems of youth unemployment, thus seeking to create a competent, motivated, and adaptable workforce capable of driving economic growth and sustainable development. - Introducing entrepreneurial thinking and entrepreneurship education while concurrently building the capacity of TVET teachers to mainstream entrepreneurship education at TVET schools and equip youth with entrepreneurship skills. - Ensuring a highly participatory process that establishes a support network of stakeholders from the private, non-profit, and public sectors to ensure sustainable and innovative quality and market driven TVET.
A4: Promote local economic development and decent job creation in critical and emerging sectors | B4: -A fragile economy with structural macroeconomic deficiencies and preexisting labour market challenges thar were exacerbated by the compounded crisies. -Deficient demand for labour, particularly in high-productivity, high value-added sectors. -Weak labour market governance and social dialogue -The National Employment Office (NEO) is unable to implement a comprehensive employment strategy that defines a shared vision for Lebanon's future growth and productivity. Furthermore, NEO is underutilized and is unable ot provide efficient public employment services (PES) to Lebanese while by Law, it is unable to service non-Lebanese. -High unemploymet rates, particularly amongst youth that significantly increased after the crisis. -Large share of informal employment, which reached more than 64% amongst vulnerable Lebanese and 90% amongst Syrian refugees (ILO 2021 . There is an absence of an integrated development plan for the economy, which would otherwise foster growth in economic activities needed to create value-added jobs. There are gaps in local economic development and social solidarity economy (SSE) initiatives that generate income and improve livalihoods at the local level. MSMEs account for the majority of businesses in Lebanon (90%), but operate with small profit margins and demonstrate limited ability to scale. They also have limited access to finance, especially after the economic and financial crisis. -Refugees' access to the labour market is severly restricted by sector and permit procedures, as a result most work informally (as mentioned previously) The agriculture and agro-foods sectors both employ a large share of refugee and vulnerable host community workers, while also having important links to Lebanon’s own food security in a time of hyperinflation and interrupted food supplies. The cost and supply of inputs, outdated agricutural practices, limited access to finance, weak cooperatives, alongside other market system challenges, constrain production potential in the sector and the associated job creation across value chains. The crisis has also severely impacted the sector and the farmers' ability to sustain, let alone increase their production. The agricuture sector is charecterized by poor working conditions and major deficits in occupational safety and Health (OSH). While there are some emerging opportunities in the green and digital sectors, which can particularly attract young people, there are still skills gaps that need to be addressed in order to leverage the potetnail of these sectors, and there is also a need for financial and non-financial services to support business start-ups in these emerging and innovative sectors. | C4: -By the end of 2024, joint identification of bottlenecks to productivity and job creation in key sectors employing refugee and vulnable host community members -By 2025, social dialogue convened on integrated and inclusive employment policies -By 2026, financial service providers /MFIs are offering loan products to farmers and cooperatives to introduce innovative practices, boost producitvty and working conditions. -By 2026, financial service providers are offering loan products that target MSMEs in emerging sectors, including green and digital economy By 2026, working conditions in the agricuture sector are improved | D4: Ministry of Labour, microfinance institutions and financial service providers, Ministry of Agriculture, Association of Lebanese Industrialists (ALI), General Confederation of Lebanese Workers | E4: Evidence based dialogue convened building off of joint legislative and policy reviews (2.1) Support to integrating career guidance and employment services using ILO tools in existing UNHCR and UNICEF platforms (CDCs, innovation labs, etc.) Support to value chain development and access to finance in the agriculture sector (2.3) Roll out of trainings on OSH and rights at work Technical and financial support to business start ups,SSEs, including in digital and green sectors (2.3) ILO facilitated "Formalize Your Business Training" (2.3)
A5: Strenghtening access to civil documentation and Legal stay | B5: • Lebanon is not party to the 1951 Convention Relating to the Status of Refugees and its 1967 Protocol • Absence of an established legal framework addressing refugees • Registration of Syrian refugees suspended by the Government of Lebanon since 2015 • Anti-refugee rethoric and lack of political impacting respect for fundamental legal rights and obligations • History of political gridlock and instability, which can hinder legislative and broader reforms • Eligibility to obtain legal residency based on registration with UNHCR limited to pre-2015 registration • Inconsistent practices and limited capacity of General Security Office (GSO) centers responsible for processing legal residency • Reluctance of refugees to approach GSO due to fear and lack of trust in the ability to obtain residency • Limited capacity of civil registry offices • FDPs' lack of required civil documentation such as proof of marriage and identification documents • Complicated, lengthy, inconsistent, and costly five-step birth registration process (inconsistency/fees especially at mukhtar level) • Lack of information and awareness by refugees on the process and the importance of birth registration | C5: • By 2024, a series of advocacy interventions are made for LAF/GSO to align on safeguards to non-refoulement • By 2024, access to legal residency and civil documentation is increased with a focus on birth registration of refugees born of Syrian parents to prevent statelessness • By 2026, eligibility criteria for residency based on UNHCR registration is expanded • By 2025, GSO and civil registry offices capacity to process claims is increased • By 2024, consistency of GSO practices is increased, and number of refugees approaching GSO centers is increased • By 2024, community awareness and trust in the process is expanded • By 2024, percentage of births registered is increased • By 2024, updated key advocacy messages are regularly shared with Prospects Partners and donors on core protection principles, access to identity, and legal stay. | D5: MFA, PMO, Presidency, LAS, LAF, GSO, MOIM/PSD, MoJ, MOSA, Parliament including parliamentary committees, civil society actors, religious leaders, UN agencies. | E5: • Advocacy and policy dialogue interventions • Registration interventions • Legal aid, counselling and representation, and group accompaniement to the GSO to restore trust and increase numbers of residency applications/renewals • Capacity support to GSO to increase access to Legal residency; and to MOIM/PSD for birth registration
A6: Reforming and implementing inclusive Child Protection and GBV legal frameworks and Action Plans | B6: • Religious and Sectarian challenges hampering attempts to revise law 422, touching on the Personal Status Law • Conservative social norms, hampering introduction of progressive changes, especially related to gender and family rights and efforts to address and prevent GBV and promote gender equality • Weak judicial system, affecting access to justice of individuals and groups at risk, including children (boys and girls), women at risk, survivors of GBV, etc. • National social workforce' lack of capacity and expertise • Sharp increase in child labour and weak social welfare system | C6: • By end of 2024, Law 422 enacted and by end of 2025, SOPs on Diversion/ Alternative Correctional Measures developed for it's implementation; By end of 2024, revision of Standard Operating Procedures for the Protection of Juveniles in Lebanon • By 2026, a robust system for data collection, monitoring, and reporting is developed to evaluate the effectiveness of the revised SOP • Social welfare workforce strengthened (continuous) and by end of 2024, interministerial pathways for case management endorsed and fully operational; • By end of 2027, Child labour action plan implemented (continuous) through 8 area based child labour task forces; (gradual expansion with 2 task forces annually) • By end of 2024, MHPSS sub strategy endorsed and on course for implementation nationwide; • Child marriage action plan to be launched in October 2023 and implemented by end 2027 | D6: MOSA, Ministry of Interior and Municipalities (MOIM), Ministry of Justice (MOJ), Ministry of Education and Higher Education (MEHE), Ministry of Public Health (MOPH), Parliament including parliamentary committees, National Commission For Lebanese Women (NCLW), civil society actors, religious leaders, UN agencies, private sector, media | E6: • UNICEF and UNHCR, in collaboration and coordination with MOSA, will strengthen the social workforce through the roll out of the revised child protection case management Standard Operating Procedures (strengthening government leadership for child protection by setting inclusive service delivery standards) and building the capacity of the social workforce • Child protection advocacy and policy dialogue interventions • Training and capacity building of national social workforce (i.e. CP and GBV case workers) • Revised Standard Operating Procedures for the Protection of Juveniles in Lebanon, is used by all CP trained case management partners including UNHCR partners • Child protection case management through BID is provided and Critical CP and GBV services provided to children out of school, working, in contact or in conflict with the law • Child labour action plan is implemented through 8 area-based child labour task forces and will serve as the main body overseeing and guiding child labour quality programming through its National Plan of Action. • Qudwa strategy, is rolled out nationwide and documented • Mental health and psychosocial support (MHPSS) is provided at heath facilities and community levels with tailored interventions for specific age and gender profiles. •The Bank and IRC will broaden the reach of GBV programming to specifically address refugee women who are victims of abuse and are not housed in safe shelters. This would include direct targeting of GBV survivors located in refugee camps or areas with high refugee populations, making use of IRC’s extensive expertise in case management, prevention, and response strategies to support action by establishing new partnerships with specialized actors. The strategy would encompass direct awareness-raising, community mobilization, and capacity-building within both refugee communities and among local partners.
A7: Support the national priority to build a comprehensive and coordinated social protection system under the National Social Protection Strategy (NSPS) that benefits children as well as people with disabilities while simultaneously providing referrals to key services ('cash plus'). | B7: 1. Limited pace of political reforms 2. Low investment in social protection and other essential public services 3. Anti-refugee sentiment and rising politization of assistance to refugees 4. Social protection gaps | C7: 1. By 2025, Nexus coordination mechanisms for National Social Protection Strategy in place and key actions supported: Once the Strategy is approved, Social Protection Actors such as UNICEF, the WB, ILO and others will be supporting the establishment of a government led coordination structure (a secretariat with key functions will be established in addition to thematic technical assistance). The foreseen coordination architecture is inclusive a high-level steering committee in addition to thematic / pillar level working groups. In addition, coordination is expected to continue through existing crisis response sector working groups (ie: Basic Assistance) on the potential alignment and synergies of benefits and assistance packages provided. 2. In 2024 technical support to build national databases and the social registry that is inclusive of persons with disabilities which is inclusive of the technical assistance provided to MOSA’s Rights and Access programme to upgrade their existing disability roster and its respective Management Information System, which facilitates interoperability with other available databases at national level as well as contributes towards building the country’s social registry, as per the National Social Protection Strategy. 3. In 2024, technical support will be provided to build national databases and the social registry that is inclusive of persons with disabilities: which is inclusive of the technical assistance provided to MOSA’s Rights and Access programme to upgrade their existing disability roster and its respective Management Information System, which facilitates interoperability with other available databases at national level as well as contributes towards building the country’s social registry, as per the National Social Protection Strategy. 4. •Throughout the duration of the grant, build referrals to NDA recipients (cash plus) to support learning and employment education, youth, and child protection services: as a key component of the design of national social grants programmes, linkages and referrals to recipients receiving assistance will be further established to existing programmes and services to maximize cross sectoral outcomes of the intervention 5. A PPP model for health insurance for PwD and workers in informal economy amongst vulnerable Lebanese and Syrian refugees is piloted to fill in a critical gap in extending health coverage to two of the most vulnerable segments of the population that do not have any levels of healthcare protection at the moment. | D7: The Government of Lebanon, especially the Ministry of Social Affairs (MoSA); National Social Security Fund (NSSF); MOPH; WHO; Think Tanks, Research Institutes, NGOs, and INGOs | E7: The National Disability Allowance implemented by UNICEF with ILO and the Ministry of Social Affairs is the first social protection scheme to include forcibly displaced persons (FDPs) in Lebanon. The action will contribute towards schemes that extend access to national social protection benefits as part of the National Social Protection Strategy with an inclusive and life-cycle approach, and help strengthen evidence, capacity and coordination platforms for the implementation of the strategy, including a stronger HDP nexus link. The Bank will support the identification of previously unreached beneficiaries and the provision of medical consultations, diagnostic tests, needs assessments (medications, assistive devices, and disposable care items), psychomotor/speech therapy, and physiotherapy sessions through 3 PHCCs and 2 MMUs across Beirut & Mount Lebanon. The ongoing project is also currently working to develop and pilot an identification, counselling, and referral system (ICRS) as a one-stop-shop for end users to increase their awareness and access to NGO service providers in this space. It will work on enlisting community health workers and volunteers from the refugee community to bridge information gaps and increase refugee community awareness. By establishing partnerships with local health actors specialized in inclusion, disability, mental health, and psychosocial support within refugee-dense areas, we would amplify the project's reach and accessibility. Expanding primary healthcare aligns seamlessly with existing PHCCs serving a substantial refugee population across the country. Furthermore, we would develop and share focused communication materials to bolster refugees' access to services, ultimately achieving more program engagement. ILO will also support the development and small scale piloting of private-public partnership model to address health financing gaps based across the humanitarian-development spectrum.

Sheet Tab3b UNICEF Policy Progress
A1: POLICY INFORMATION | F1: SELF-ASESSMENT | M1: CONTRIBUTION TO POLICY DEVELOPMENT | U1: Country Team Feedback on Policy Priorities | V1: Country Team Feedback on Milestones
A2: PILLAR | B2: RIGHT | C2: POLICY PRIORITIES (UNICEF Led) | D2: POLICY MILESTONES | E2: Link to Results Framework indicators | F2: Assessment (2024) | G2: Assessment (2025) | H2: Asessesment (2026) | I2: Asessesment (2027) | J2: Description of relevant contribution made | K2: Sources of Verification | L2: Phase II progress | M2: 1. Needs and evidence | N2: 2. Commitments | O2: 3. Policy adoption/prevention | P2: 4. Resourcing | Q2: 5. Implementation | R2: 6. Coverage and use | S2: 7. Monitoring and Evaluation | U2: Indicate below 1) whether the policy priority is UNICEF lead (Yes/No); if it is No UNICEF led, indicate what partner leads the policy priority; if it is led by UNICEF, indicate whether there is any milestone left out (not included in column D) | V2: Indicate below for each milestone whether 1) UNICEF leads (Yes/No), if it is No UNICEF led, indicate what partner leads the milestone; 2) if it is led by UNICEF, indicate what other partners contribute to the milestone (or say none if this is the case)
A3: EDUCATION | B3: Access to TVET | C3: 1. Enabling access to nonformal education MFP (NFE/TVET) while ensuring a seamless transition to formal education systems (public and TVET schools). | D3: 1.1 By end of 2024: The TVET Directorate in cooperation with Prospects partners, will initiate 3 key reforms based on the strategic objectives of the TVET National Strategic Framework (2024-2028) in cooperation with TVET private sector task forces. | E3: 1c) Evidence on how PROSPECTS has contributed to a change in legal frameworks, policies and asylum system related to access for refugees to education and training systems | F3: 2=Initiated contribution to target | G3: 3=Approaches milestone target | O3: X
D4: 1.2 By the end of 2024: Draft the Multiple Flexible Pathways (MFP) guidelines, policies and framework. | F4: 3=Approaches milestone target | G4: 4=Achieved milestone target | N4: X
D5: 1.3 By the end of 2025: Pilot test and analyze the MFP guidelines, policies and framework. | N5: X
D6: 1.4 By the end of 2026: Fully operationalize the MFP guidelines , policies and framework. | O6: X | P6: X | Q6: X
D7: 1.5 By the end of 2027: Standardize and launch the MFP guidelines , policies and framework at the national level as an integral part of the MEHE’s new 5-year strategic plan. | O7: X | P7: X | Q7: X
A8: PROTECTION | B8: Access to national protection & case management | C8: 5. Reforming and implementing inclusive Child Protection and GBV legal frameworks and Action Plans | D8: 5.1 By end of 2024, Law 422 enacted and by end of 2025, SOPs on Diversion/ Alternative Correctional Measures developed for it's implementation; By end of 2024, revision of Standard Operating Procedures for the Protection of Juveniles in Lebanon | E8: 3.1a) Evidence on how PROSPECTS has contributed to a change in legal frameworks, policies and asylum system related to protection and durable solutions for refugees in line with international legal standards ​​ | O8: X | P8: X | Q8: X
D9: 5.2 By 2026, a robust system for data collection, monitoring, and reporting is developed to evaluate the effectiveness of the revised SOP | S9: X
D10: 5.3 Social welfare workforce strengthened (continuous) and by end of 2024, interministerial pathways for case management endorsed and fully operational; | E10: 3b) Evidence on how PROSPECTS has contributed to strengthen institutional capacity to include protection systems in national and sub-national systems and development planning | O10: X | P10: X | Q10: X
D11: 5.4 By end of 2027, Child labour action plan implemented (continuous) through 8 area based child labour task forces; (gradual expansion with 2 task forces annually) | E11: 3.1a) Evidence on how PROSPECTS has contributed to a change in legal frameworks, policies and asylum system related to protection and durable solutions for refugees in line with international legal standards ​​ | Q11: X
D12: 5.5 By end of 2024, MHPSS sub strategy endorsed and on course for implementation nationwide | O12: X | P12: X
D13: 5.6 Child marriage action plan to be launched in October 2023 and implemented by end 2027 | O13: X | P13: X | Q13: X
A14: SOCIAL PROTECTION | B14: Inclusion of Refugee & FDP in National Social Protection Systems | C14: 6. Support the national priority to build a comprehensive and coordinated social protection system under the National Social Protection Strategy (NSPS) that benefits children as well as people with disabilities while simultaneously providing referrals to key services ('cash plus'). | D14: 6.1 By 2025, Nexus coordination mechanisms for National Social Protection Strategy in place and key actions supported: Once the Strategy is approved, Social Protection Actors such as UNICEF, the WB, ILO and others will be supporting the establishment of a government led coordination structure (a secretariat with key functions will be established in addition to thematic technical assistance). The foreseen coordination architecture is inclusive a high-level steering committee in addition to thematic / pillar level working groups. In addition, coordination is expected to continue through existing crisis response sector working groups (ie: Basic Assistance) on the potential alignment and synergies of benefits and assistance packages provided. | E14: 3.1b) Evidence on how PROSPECTS has contributed to a change in legal frameworks, policies and asylum system related to inclusive social protection for refugees and HCs, based on security standards and principles | Q14: X
D15: 6.2. In 2024 technical support to build national databases and the social registry that is inclusive of persons with disabilities which is inclusive of the technical assistance provided to MOSA’s Rights and Access programme to upgrade their existing disability roster and its respective Management Information System, which facilitates interoperability with other available databases at national level as well as contributes towards building the country’s social registry, as per the National Social Protection Strategy. | Q15: X
D16: 6.3. In 2024, technical support will be provided to build national databases and the social registry that is inclusive of persons with disabilities: which is inclusive of the technical assistance provided to MOSA’s Rights and Access programme to upgrade their existing disability roster and its respective Management Information System, which facilitates interoperability with other available databases at national level as well as contributes towards building the country’s social registry, as per the National Social Protection Strategy. | Q16: X

Sheet Graphs
B1: FORMULA | F1: DATA
A2: Milestones | B2: 2024 | C2: 2025 | D2: 2026 | E2: 2027 | F2: 2024 | G2: 2025 | H2: 2026 | I2: 2027
A3: 1.1 By end of 2024: The TVET Directorate in cooperation with Prospects partners, will initiate 3 key reforms based on the strategic objectives of the TVET National Strategic Framework (2024-2028) in cooperation with TVET private sector task forces. | B3: =IF('Tab3b UNICEF Policy Progress'!F3="1=No contribution to target ",1,IF('Tab3b UNICEF Policy Progress'!F3="2=Initiated contribution to target",2,IF('Tab3b UNICEF Policy Progress'!F3="3=Approaches milestone target",3,IF('Tab3b UNICEF Policy Progress'!F3="4=Achieved milestone target",4,"")))) -> 2 | C3: =IF('Tab3b UNICEF Policy Progress'!G3="1=No contribution to target ",1,IF('Tab3b UNICEF Policy Progress'!G3="2=Initiated contribution to target",2,IF('Tab3b UNICEF Policy Progress'!G3="3=Approaches milestone target",3,IF('Tab3b UNICEF Policy Progress'!G3="4=Achieved milestone target",4,"")))) -> 3 | D3: =IF('Tab3b UNICEF Policy Progress'!H3="1=No contribution to target ",1,IF('Tab3b UNICEF Policy Progress'!H3="2=Initiated contribution to target",2,IF('Tab3b UNICEF Policy Progress'!H3="3=Approaches milestone target",3,IF('Tab3b UNICEF Policy Progress'!H3="4=Achieved milestone target",4,"")))) | E3: =IF('Tab3b UNICEF Policy Progress'!I3="1=No contribution to target ",1,IF('Tab3b UNICEF Policy Progress'!I3="2=Initiated contribution to target",2,IF('Tab3b UNICEF Policy Progress'!I3="3=Approaches milestone target",3,IF('Tab3b UNICEF Policy Progress'!I3="4=Achieved milestone target",4,"")))) | F3: =B3 -> 2 | G3: =C3 -> 3 | H3: =D3 | I3: =E3
A4: 1.2 By the end of 2024: Draft the Multiple Flexible Pathways (MFP) guidelines, policies and framework. | B4: =IF('Tab3b UNICEF Policy Progress'!F4="1=No contribution to target ",1,IF('Tab3b UNICEF Policy Progress'!F4="2=Initiated contribution to target",2,IF('Tab3b UNICEF Policy Progress'!F4="3=Approaches milestone target",3,IF('Tab3b UNICEF Policy Progress'!F4="4=Achieved milestone target",4,"")))) -> 3 | C4: =IF('Tab3b UNICEF Policy Progress'!G4="1=No contribution to target ",1,IF('Tab3b UNICEF Policy Progress'!G4="2=Initiated contribution to target",2,IF('Tab3b UNICEF Policy Progress'!G4="3=Approaches milestone target",3,IF('Tab3b UNICEF Policy Progress'!G4="4=Achieved milestone target",4,"")))) -> 4 | D4: =IF('Tab3b UNICEF Policy Progress'!H4="1=No contribution to target ",1,IF('Tab3b UNICEF Policy Progress'!H4="2=Initiated contribution to target",2,IF('Tab3b UNICEF Policy Progress'!H4="3=Approaches milestone target",3,IF('Tab3b UNICEF Policy Progress'!H4="4=Achieved milestone target",4,"")))) | E4: =IF('Tab3b UNICEF Policy Progress'!I4="1=No contribution to target ",1,IF('Tab3b UNICEF Policy Progress'!I4="2=Initiated contribution to target",2,IF('Tab3b UNICEF Policy Progress'!I4="3=Approaches milestone target",3,IF('Tab3b UNICEF Policy Progress'!I4="4=Achieved milestone target",4,"")))) | F4: =B4 -> 3 | G4: =C4 -> 4 | H4: =D4 | I4: =E4
A5: 1.3 By the end of 2025: Pilot test and analyze the MFP guidelines, policies and framework. | B5: =IF('Tab3b UNICEF Policy Progress'!F5="1=No contribution to target ",1,IF('Tab3b UNICEF Policy Progress'!F5="2=Initiated contribution to target",2,IF('Tab3b UNICEF Policy Progress'!F5="3=Approaches milestone target",3,IF('Tab3b UNICEF Policy Progress'!F5="4=Achieved milestone target",4,"")))) | C5: =IF('Tab3b UNICEF Policy Progress'!G5="1=No contribution to target ",1,IF('Tab3b UNICEF Policy Progress'!G5="2=Initiated contribution to target",2,IF('Tab3b UNICEF Policy Progress'!G5="3=Approaches milestone target",3,IF('Tab3b UNICEF Policy Progress'!G5="4=Achieved milestone target",4,"")))) | D5: =IF('Tab3b UNICEF Policy Progress'!H5="1=No contribution to target ",1,IF('Tab3b UNICEF Policy Progress'!H5="2=Initiated contribution to target",2,IF('Tab3b UNICEF Policy Progress'!H5="3=Approaches milestone target",3,IF('Tab3b UNICEF Policy Progress'!H5="4=Achieved milestone target",4,"")))) | E5: =IF('Tab3b UNICEF Policy Progress'!I5="1=No contribution to target ",1,IF('Tab3b UNICEF Policy Progress'!I5="2=Initiated contribution to target",2,IF('Tab3b UNICEF Policy Progress'!I5="3=Approaches milestone target",3,IF('Tab3b UNICEF Policy Progress'!I5="4=Achieved milestone target",4,"")))) | F5: =B5 | G5: =C5 | H5: =D5 | I5: =E5
A6: 1.4 By the end of 2026: Fully operationalize the MFP guidelines , policies and framework. | B6: =IF('Tab3b UNICEF Policy Progress'!F6="1=No contribution to target ",1,IF('Tab3b UNICEF Policy Progress'!F6="2=Initiated contribution to target",2,IF('Tab3b UNICEF Policy Progress'!F6="3=Approaches milestone target",3,IF('Tab3b UNICEF Policy Progress'!F6="4=Achieved milestone target",4,"")))) | C6: =IF('Tab3b UNICEF Policy Progress'!G6="1=No contribution to target ",1,IF('Tab3b UNICEF Policy Progress'!G6="2=Initiated contribution to target",2,IF('Tab3b UNICEF Policy Progress'!G6="3=Approaches milestone target",3,IF('Tab3b UNICEF Policy Progress'!G6="4=Achieved milestone target",4,"")))) | D6: =IF('Tab3b UNICEF Policy Progress'!H6="1=No contribution to target ",1,IF('Tab3b UNICEF Policy Progress'!H6="2=Initiated contribution to target",2,IF('Tab3b UNICEF Policy Progress'!H6="3=Approaches milestone target",3,IF('Tab3b UNICEF Policy Progress'!H6="4=Achieved milestone target",4,"")))) | E6: =IF('Tab3b UNICEF Policy Progress'!I6="1=No contribution to target ",1,IF('Tab3b UNICEF Policy Progress'!I6="2=Initiated contribution to target",2,IF('Tab3b UNICEF Policy Progress'!I6="3=Approaches milestone target",3,IF('Tab3b UNICEF Policy Progress'!I6="4=Achieved milestone target",4,"")))) | F6: =B6 | G6: =C6 | H6: =D6 | I6: =E6
A7: 1.5 By the end of 2027: Standardize and launch the MFP guidelines , policies and framework at the national level as an integral part of the MEHE’s new 5-year strategic plan. | B7: =IF('Tab3b UNICEF Policy Progress'!F7="1=No contribution to target ",1,IF('Tab3b UNICEF Policy Progress'!F7="2=Initiated contribution to target",2,IF('Tab3b UNICEF Policy Progress'!F7="3=Approaches milestone target",3,IF('Tab3b UNICEF Policy Progress'!F7="4=Achieved milestone target",4,"")))) | C7: =IF('Tab3b UNICEF Policy Progress'!G7="1=No contribution to target ",1,IF('Tab3b UNICEF Policy Progress'!G7="2=Initiated contribution to target",2,IF('Tab3b UNICEF Policy Progress'!G7="3=Approaches milestone target",3,IF('Tab3b UNICEF Policy Progress'!G7="4=Achieved milestone target",4,"")))) | D7: =IF('Tab3b UNICEF Policy Progress'!H7="1=No contribution to target ",1,IF('Tab3b UNICEF Policy Progress'!H7="2=Initiated contribution to target",2,IF('Tab3b UNICEF Policy Progress'!H7="3=Approaches milestone target",3,IF('Tab3b UNICEF Policy Progress'!H7="4=Achieved milestone target",4,"")))) | E7: =IF('Tab3b UNICEF Policy Progress'!I7="1=No contribution to target ",1,IF('Tab3b UNICEF Policy Progress'!I7="2=Initiated contribution to target",2,IF('Tab3b UNICEF Policy Progress'!I7="3=Approaches milestone target",3,IF('Tab3b UNICEF Policy Progress'!I7="4=Achieved milestone target",4,"")))) | F7: =B7 | G7: =C7 | H7: =D7 | I7: =E7
A8: 5.1 By end of 2024, Law 422 enacted and by end of 2025, SOPs on Diversion/ Alternative Correctional Measures developed for it's implementation; By end of 2024, revision of Standard Operating Procedures for the Protection of Juveniles in Lebanon | B8: =IF('Tab3b UNICEF Policy Progress'!F8="1=No contribution to target ",1,IF('Tab3b UNICEF Policy Progress'!F8="2=Initiated contribution to target",2,IF('Tab3b UNICEF Policy Progress'!F8="3=Approaches milestone target",3,IF('Tab3b UNICEF Policy Progress'!F8="4=Achieved milestone target",4,"")))) | C8: =IF('Tab3b UNICEF Policy Progress'!G8="1=No contribution to target ",1,IF('Tab3b UNICEF Policy Progress'!G8="2=Initiated contribution to target",2,IF('Tab3b UNICEF Policy Progress'!G8="3=Approaches milestone target",3,IF('Tab3b UNICEF Policy Progress'!G8="4=Achieved milestone target",4,"")))) | D8: =IF('Tab3b UNICEF Policy Progress'!H8="1=No contribution to target ",1,IF('Tab3b UNICEF Policy Progress'!H8="2=Initiated contribution to target",2,IF('Tab3b UNICEF Policy Progress'!H8="3=Approaches milestone target",3,IF('Tab3b UNICEF Policy Progress'!H8="4=Achieved milestone target",4,"")))) | E8: =IF('Tab3b UNICEF Policy Progress'!I8="1=No contribution to target ",1,IF('Tab3b UNICEF Policy Progress'!I8="2=Initiated contribution to target",2,IF('Tab3b UNICEF Policy Progress'!I8="3=Approaches milestone target",3,IF('Tab3b UNICEF Policy Progress'!I8="4=Achieved milestone target",4,"")))) | F8: =B8 | G8: =C8 | H8: =D8 | I8: =E8
A9: 5.2 Social welfare workforce strengthened (continuous) and by end of 2024, interministerial pathways for case management endorsed and fully operational; | B9: =IF('Tab3b UNICEF Policy Progress'!F10="1=No contribution to target ",1,IF('Tab3b UNICEF Policy Progress'!F10="2=Initiated contribution to target",2,IF('Tab3b UNICEF Policy Progress'!F10="3=Approaches milestone target",3,IF('Tab3b UNICEF Policy Progress'!F10="4=Achieved milestone target",4,"")))) | C9: =IF('Tab3b UNICEF Policy Progress'!G10="1=No contribution to target ",1,IF('Tab3b UNICEF Policy Progress'!G10="2=Initiated contribution to target",2,IF('Tab3b UNICEF Policy Progress'!G10="3=Approaches milestone target",3,IF('Tab3b UNICEF Policy Progress'!G10="4=Achieved milestone target",4,"")))) | D9: =IF('Tab3b UNICEF Policy Progress'!H10="1=No contribution to target ",1,IF('Tab3b UNICEF Policy Progress'!H10="2=Initiated contribution to target",2,IF('Tab3b UNICEF Policy Progress'!H10="3=Approaches milestone target",3,IF('Tab3b UNICEF Policy Progress'!H10="4=Achieved milestone target",4,"")))) | E9: =IF('Tab3b UNICEF Policy Progress'!I10="1=No contribution to target ",1,IF('Tab3b UNICEF Policy Progress'!I10="2=Initiated contribution to target",2,IF('Tab3b UNICEF Policy Progress'!I10="3=Approaches milestone target",3,IF('Tab3b UNICEF Policy Progress'!I10="4=Achieved milestone target",4,"")))) | F9: =B9 | G9: =C9 | H9: =D9 | I9: =E9
A10: 5.3 By end of 2024, MHPSS sub strategy endorsed and on course for implementation nationwide | B10: =IF('Tab3b UNICEF Policy Progress'!F12="1=No contribution to target ",1,IF('Tab3b UNICEF Policy Progress'!F12="2=Initiated contribution to target",2,IF('Tab3b UNICEF Policy Progress'!F12="3=Approaches milestone target",3,IF('Tab3b UNICEF Policy Progress'!F12="4=Achieved milestone target",4,"")))) | C10: =IF('Tab3b UNICEF Policy Progress'!G12="1=No contribution to target ",1,IF('Tab3b UNICEF Policy Progress'!G12="2=Initiated contribution to target",2,IF('Tab3b UNICEF Policy Progress'!G12="3=Approaches milestone target",3,IF('Tab3b UNICEF Policy Progress'!G12="4=Achieved milestone target",4,"")))) | D10: =IF('Tab3b UNICEF Policy Progress'!H12="1=No contribution to target ",1,IF('Tab3b UNICEF Policy Progress'!H12="2=Initiated contribution to target",2,IF('Tab3b UNICEF Policy Progress'!H12="3=Approaches milestone target",3,IF('Tab3b UNICEF Policy Progress'!H12="4=Achieved milestone target",4,"")))) | E10: =IF('Tab3b UNICEF Policy Progress'!I12="1=No contribution to target ",1,IF('Tab3b UNICEF Policy Progress'!I12="2=Initiated contribution to target",2,IF('Tab3b UNICEF Policy Progress'!I12="3=Approaches milestone target",3,IF('Tab3b UNICEF Policy Progress'!I12="4=Achieved milestone target",4,"")))) | F10: =B10 | G10: =C10 | H10: =D10 | I10: =E10
A11: 5.4 By 2026, a robust system for data collection, monitoring, and reporting is developed to evaluate the effectiveness of the revised SOP | B11: =IF('Tab3b UNICEF Policy Progress'!F9="1=No contribution to target ",1,IF('Tab3b UNICEF Policy Progress'!F9="2=Initiated contribution to target",2,IF('Tab3b UNICEF Policy Progress'!F9="3=Approaches milestone target",3,IF('Tab3b UNICEF Policy Progress'!F9="4=Achieved milestone target",4,"")))) | C11: =IF('Tab3b UNICEF Policy Progress'!G9="1=No contribution to target ",1,IF('Tab3b UNICEF Policy Progress'!G9="2=Initiated contribution to target",2,IF('Tab3b UNICEF Policy Progress'!G9="3=Approaches milestone target",3,IF('Tab3b UNICEF Policy Progress'!G9="4=Achieved milestone target",4,"")))) | D11: =IF('Tab3b UNICEF Policy Progress'!H9="1=No contribution to target ",1,IF('Tab3b UNICEF Policy Progress'!H9="2=Initiated contribution to target",2,IF('Tab3b UNICEF Policy Progress'!H9="3=Approaches milestone target",3,IF('Tab3b UNICEF Policy Progress'!H9="4=Achieved milestone target",4,"")))) | E11: =IF('Tab3b UNICEF Policy Progress'!I9="1=No contribution to target ",1,IF('Tab3b UNICEF Policy Progress'!I9="2=Initiated contribution to target",2,IF('Tab3b UNICEF Policy Progress'!I9="3=Approaches milestone target",3,IF('Tab3b UNICEF Policy Progress'!I9="4=Achieved milestone target",4,"")))) | F11: =B11 | G11: =C11 | H11: =D11 | I11: =E11
A12: 5.5 By end of 2027, Child labour action plan implemented (continuous) through 8 area based child labour task forces; (gradual expansion with 2 task forces annually) | B12: =IF('Tab3b UNICEF Policy Progress'!F11="1=No contribution to target ",1,IF('Tab3b UNICEF Policy Progress'!F11="2=Initiated contribution to target",2,IF('Tab3b UNICEF Policy Progress'!F11="3=Approaches milestone target",3,IF('Tab3b UNICEF Policy Progress'!F11="4=Achieved milestone target",4,"")))) | C12: =IF('Tab3b UNICEF Policy Progress'!G11="1=No contribution to target ",1,IF('Tab3b UNICEF Policy Progress'!G11="2=Initiated contribution to target",2,IF('Tab3b UNICEF Policy Progress'!G11="3=Approaches milestone target",3,IF('Tab3b UNICEF Policy Progress'!G11="4=Achieved milestone target",4,"")))) | D12: =IF('Tab3b UNICEF Policy Progress'!H11="1=No contribution to target ",1,IF('Tab3b UNICEF Policy Progress'!H11="2=Initiated contribution to target",2,IF('Tab3b UNICEF Policy Progress'!H11="3=Approaches milestone target",3,IF('Tab3b UNICEF Policy Progress'!H11="4=Achieved milestone target",4,"")))) | E12: =IF('Tab3b UNICEF Policy Progress'!I11="1=No contribution to target ",1,IF('Tab3b UNICEF Policy Progress'!I11="2=Initiated contribution to target",2,IF('Tab3b UNICEF Policy Progress'!I11="3=Approaches milestone target",3,IF('Tab3b UNICEF Policy Progress'!I11="4=Achieved milestone target",4,"")))) | F12: =B12 | G12: =C12 | H12: =D12 | I12: =E12
A13: 5.6 Child marriage action plan to be launched in October 2023 and implemented by end 2027 | B13: =IF('Tab3b UNICEF Policy Progress'!F13="1=No contribution to target ",1,IF('Tab3b UNICEF Policy Progress'!F13="2=Initiated contribution to target",2,IF('Tab3b UNICEF Policy Progress'!F13="3=Approaches milestone target",3,IF('Tab3b UNICEF Policy Progress'!F13="4=Achieved milestone target",4,"")))) | C13: =IF('Tab3b UNICEF Policy Progress'!G13="1=No contribution to target ",1,IF('Tab3b UNICEF Policy Progress'!G13="2=Initiated contribution to target",2,IF('Tab3b UNICEF Policy Progress'!G13="3=Approaches milestone target",3,IF('Tab3b UNICEF Policy Progress'!G13="4=Achieved milestone target",4,"")))) | D13: =IF('Tab3b UNICEF Policy Progress'!H13="1=No contribution to target ",1,IF('Tab3b UNICEF Policy Progress'!H13="2=Initiated contribution to target",2,IF('Tab3b UNICEF Policy Progress'!H13="3=Approaches milestone target",3,IF('Tab3b UNICEF Policy Progress'!H13="4=Achieved milestone target",4,"")))) | E13: =IF('Tab3b UNICEF Policy Progress'!I13="1=No contribution to target ",1,IF('Tab3b UNICEF Policy Progress'!I13="2=Initiated contribution to target",2,IF('Tab3b UNICEF Policy Progress'!I13="3=Approaches milestone target",3,IF('Tab3b UNICEF Policy Progress'!I13="4=Achieved milestone target",4,"")))) | F13: =B13 | G13: =C13 | H13: =D13 | I13: =E13
A14: 6.1 By 2025, Nexus coordination mechanisms for National Social Protection Strategy in place and key actions supported: Once the Strategy is approved, Social Protection Actors such as UNICEF, the WB, ILO and others will be supporting the establishment of a government led coordination structure (a secretariat with key functions will be established in addition to thematic technical assistance). The foreseen coordination architecture is inclusive a high-level steering committee in addition to thematic / pillar level working groups. In addition, coordination is expected to continue through existing crisis response sector working groups (ie: Basic Assistance) on the potential alignment and synergies of benefits and assistance packages provided. | B14: =IF('Tab3b UNICEF Policy Progress'!F14="1=No contribution to target ",1,IF('Tab3b UNICEF Policy Progress'!F14="2=Initiated contribution to target",2,IF('Tab3b UNICEF Policy Progress'!F14="3=Approaches milestone target",3,IF('Tab3b UNICEF Policy Progress'!F14="4=Achieved milestone target",4,"")))) | C14: =IF('Tab3b UNICEF Policy Progress'!G14="1=No contribution to target ",1,IF('Tab3b UNICEF Policy Progress'!G14="2=Initiated contribution to target",2,IF('Tab3b UNICEF Policy Progress'!G14="3=Approaches milestone target",3,IF('Tab3b UNICEF Policy Progress'!G14="4=Achieved milestone target",4,"")))) | D14: =IF('Tab3b UNICEF Policy Progress'!H14="1=No contribution to target ",1,IF('Tab3b UNICEF Policy Progress'!H14="2=Initiated contribution to target",2,IF('Tab3b UNICEF Policy Progress'!H14="3=Approaches milestone target",3,IF('Tab3b UNICEF Policy Progress'!H14="4=Achieved milestone target",4,"")))) | E14: =IF('Tab3b UNICEF Policy Progress'!I14="1=No contribution to target ",1,IF('Tab3b UNICEF Policy Progress'!I14="2=Initiated contribution to target",2,IF('Tab3b UNICEF Policy Progress'!I14="3=Approaches milestone target",3,IF('Tab3b UNICEF Policy Progress'!I14="4=Achieved milestone target",4,"")))) | F14: =B14 | G14: =C14 | H14: =D14 | I14: =E14
A15: 6.2. In 2024 technical support to build national databases and the social registry that is inclusive of persons with disabilities which is inclusive of the technical assistance provided to MOSA’s Rights and Access programme to upgrade their existing disability roster and its respective Management Information System, which facilitates interoperability with other available databases at national level as well as contributes towards building the country’s social registry, as per the National Social Protection Strategy. | B15: =IF('Tab3b UNICEF Policy Progress'!F15="1=No contribution to target ",1,IF('Tab3b UNICEF Policy Progress'!F15="2=Initiated contribution to target",2,IF('Tab3b UNICEF Policy Progress'!F15="3=Approaches milestone target",3,IF('Tab3b UNICEF Policy Progress'!F15="4=Achieved milestone target",4,"")))) | C15: =IF('Tab3b UNICEF Policy Progress'!G15="1=No contribution to target ",1,IF('Tab3b UNICEF Policy Progress'!G15="2=Initiated contribution to target",2,IF('Tab3b UNICEF Policy Progress'!G15="3=Approaches milestone target",3,IF('Tab3b UNICEF Policy Progress'!G15="4=Achieved milestone target",4,"")))) | D15: =IF('Tab3b UNICEF Policy Progress'!H15="1=No contribution to target ",1,IF('Tab3b UNICEF Policy Progress'!H15="2=Initiated contribution to target",2,IF('Tab3b UNICEF Policy Progress'!H15="3=Approaches milestone target",3,IF('Tab3b UNICEF Policy Progress'!H15="4=Achieved milestone target",4,"")))) | E15: =IF('Tab3b UNICEF Policy Progress'!I15="1=No contribution to target ",1,IF('Tab3b UNICEF Policy Progress'!I15="2=Initiated contribution to target",2,IF('Tab3b UNICEF Policy Progress'!I15="3=Approaches milestone target",3,IF('Tab3b UNICEF Policy Progress'!I15="4=Achieved milestone target",4,"")))) | F15: =B15 | G15: =C15 | H15: =D15 | I15: =E15
A16: 6.3. In 2024, technical support will be provided to build national databases and the social registry that is inclusive of persons with disabilities: which is inclusive of the+B6:C7 technical assistance provided to MOSA’s Rights and Access programme to upgrade their existing disability roster and its respective Management Information System, which facilitates interoperability with other available databases at national level as well as contributes towards building the country’s social registry, as per the National Social Protection Strategy. | B16: =IF('Tab3b UNICEF Policy Progress'!F16="1=No contribution to target ",1,IF('Tab3b UNICEF Policy Progress'!F16="2=Initiated contribution to target",2,IF('Tab3b UNICEF Policy Progress'!F16="3=Approaches milestone target",3,IF('Tab3b UNICEF Policy Progress'!F16="4=Achieved milestone target",4,"")))) | C16: =IF('Tab3b UNICEF Policy Progress'!G16="1=No contribution to target ",1,IF('Tab3b UNICEF Policy Progress'!G16="2=Initiated contribution to target",2,IF('Tab3b UNICEF Policy Progress'!G16="3=Approaches milestone target",3,IF('Tab3b UNICEF Policy Progress'!G16="4=Achieved milestone target",4,"")))) | D16: =IF('Tab3b UNICEF Policy Progress'!H16="1=No contribution to target ",1,IF('Tab3b UNICEF Policy Progress'!H16="2=Initiated contribution to target",2,IF('Tab3b UNICEF Policy Progress'!H16="3=Approaches milestone target",3,IF('Tab3b UNICEF Policy Progress'!H16="4=Achieved milestone target",4,"")))) | E16: =IF('Tab3b UNICEF Policy Progress'!I16="1=No contribution to target ",1,IF('Tab3b UNICEF Policy Progress'!I16="2=Initiated contribution to target",2,IF('Tab3b UNICEF Policy Progress'!I16="3=Approaches milestone target",3,IF('Tab3b UNICEF Policy Progress'!I16="4=Achieved milestone target",4,"")))) | F16: =B16 | G16: =C16 | H16: =D16 | I16: =E16

Sheet Tab 4 Risk Assessment
A1: Contextual Risks
A2: Risks | B2: Impact on results | C2: Likelihood | D2: Mitigation measures | E2: Responsible partner to monitor and update risk assessment
A3: Political instability and internal violent conflicts collapse of public services. Increased tensions between refugees and host communities and increase in existing or new humanitarian crisis | C3: Likely | D3: Partners will mitigate tensions among host and refugee communities through the involvement of municipalities via UNDP support (peacebuilding unit) and local NGOs. Review inter-agency preparedness measures, introduce emergency response, adapt operational approaches including revised needs prioritization, service and assistance modalities and targeting | E3: UNHCR, UNICEF and ILO
A4: Lack of access or benefit from Prospect Program interventions for host and refugee women and girls | C4: Unlikely | D4: Prospects Partners commit to ensuring that sex and age disaggregated data will be collected to support gender analysis and incorporating gender dimension to all Prospect Programs where relevant and to feed into sex and age-disaggregated indicators against each output in Prospect Program. | E4: All
A5: Newly formed cabinet doesn’t support objectives of Prospects Partnership, particularly in light of increased vulnerabilities amongst Lebanese that need to be addressed urgently | C5: Highly likely | D5: Meeting with the PMO and other relevant line ministries to present Prospects and ensure support for the Partnership and agree on regular communication and coordination mechanisms. This meeting needs to be facilitated by the Dutch embassy in Lebanon. | E5: Dutch Embassy with All Partners
A6: High turnover of government line ministries (key stakeholders for most Prospects partners) | C6: Highly likely | D6: Important to establish frequent coordination mechanisms and build capacity at technical levels as they often remain intact irrespective of changes at top levels. | E6: All
A7: Financial mismanagement or misuse of resources, fraud, abuse of authority | C7: Highly likely | D7: Intensive monitoring and evaluation by Prospects CT (including by 3rd parties) on the ground and sharing any concerns etc.to help mitigate risk. UN agencies and other Partners to implement monitoring of use of funds and resources in accordance with their individual policies on transfers to partners, as well as established mechanisms on prevention of fraud and corruption, and complaint and accountability systems Additional specific mitigation measures relate to implementation of risk-based project audits and provision of fiduciary and procurement training and capacity building in recipient (gov)-executed projects. | E7: All
A8: Private sector, including banks, MFIs and companies including MSMEs collapse | C8: Highly likely | D8: These developments may require significant adjustments in Prospects Programming to focus more (than anticipated) on vulnerable Lebanese communities, short term income generating opportunities and to promote business community, job retention and resilience. Prospects Partners like IFC need to also deploy incentives for private sector to continue operating and engage with target groups (i.e. providing financing by deploying de risking mechanisms along with investment support through use of blended finance) | E8: Partnership, mainly through IFC will closely monitor the potential risk by assessing the efficiency of proposed instruments/programs in close coordination with all Partners and adjust approach if necessary.
A9: Security and political situation in Syria is unstable and deteriorating further | C9: Likely | D9: Close monitoring of the situation by UNHCR colleagues on the ground One potential mitigant is to focus part of Prospect programming on supporting transferable skills for Syrian refugees in view of their eventual return to Syria. Another- focus on evidence-based analytics to demonstrate value refugees bring to Lebanese economy/community which can help facilitate the policy dialogue on less restrictive policies towards refugees. Increased focus on social assistance and community-based protection, service provision and social cohesion interventions. | E9: All
A10: Increased tensions in communities, impacting coexistence | C10: Highly likely | D10: Prioritize early warning and conflict sensitivity through media and tensions monitoring and mitigation. Quick responses to address hate speech and stronger communication | E10: UNHCR, UNICEF and ILO
A11: UNHCR will continue to sensitize the government and other key stakeholders on the importance of voluntary, safe and dignified returns prioritizing preparedness and increasing information provided to refugees considering return. UNHCR will continue to prioritize interventions to prevent cases of refoulement and advocate against deportations, as well as prioritize facilitating refugees’ access to legal residency | C11: Average | D11: UNHCR will continue to sensitize the government and other key stakeholders on the importance of voluntary, safe and dignified returns prioritizing preparedness and increasing information provided to refugees considering return. UNHCR will continue to prioritize interventions to prevent cases of refoulement and advocate against deportations, as well as prioritize facilitating refugees’ access to legal residency | E11: UNHCR
A12: Further situation deterioration in Lebanon and its impact on youth and adolescent (political, social and economic situation) | B12: High | C12: Highly likely | D12: ▪ Continuous programme and actions adjustment in coordination with relevant key stakeholders to overcome challenges and programmes obstacles. ▪ Continuous situation and progress monitoring so adjustment of actions is taken timely and in coordination with relevant key stakeholders to overcome challenges and adapt. ▪ Continue the support to the private sector in the running cost related to the on-the-job training activities. ▪ Support in policy and advocacy work across different areas such as: TVET, skilling program, youth civic and economic engagement, volunteering and NYPAP. ▪ Adjust incentives for youth and running cost for the employers with the prices fluctuations to ensure sustainability where possible and needed. | E12: UNICEF
A13: Lack of trust in government systems | B13: Average | C13: Average | D13: UNICEF will continue a mix of implementation modalities, including through civil society organizations, to ensure minimizing disruption of services for children. | E13: UNICEF
A14: Inflation and depreciation of the local currency | B14: Low | C14: Likely | D14: Cash assistance to be provided in USD to mitigate the impact of exchange fluctuations on recipients. | E14: UNICEF
A15: Civil unrest in Lebanon leading to programmes implementation disruption on a national level | B15: High | C15: Likely | D15: ▪UNICEF is in constant dialogue with the government to ensure buy in and support for the intervention. ▪ Enchance coordination between UNICEF partners to overcome programmes disruption through providing alternative solutions for programmes implementation aiming to reach the vulnerable youth and adolescent. ▪ Engage youth in the contribution to the emergency response in different occasions reduces risks related to exclusion, reluctance and social tension. | E15: UNICEF
A16: Roadblocks, civil unrest continue to disrupt in-person training courses and implementation of activities | B16: High | C16: Highly likely | D16: While keeping the safety and security of the youth as priority, UNICEF and partners including private sector may organize safe transportation modality. | E16: UNICEF
A17: Tensions increase at community level for competing access to resources, leading to possible violence and armed clashes | B17: High | C17: Likely | D17: ▪ Address challenges and tensions through including women, youth and marginalized groups in a constructive dialogues that fosters mutual understanding, reshapes perceptions and identifies viable alternatives. ▪ Work with the government of Lebanon and UNICEF partners on rejecting violence and accepting the other through focus group discussions with local communities and schools. The special focus is also on social cohesion and conflict resolution, targeting media, schools and capacity building for civil society organizations and youth. | E17: UNICEF
A18: The political instability in Lebanon may affect the project teams ability to implement the project activities. | B18: Average | C18: Average | D18: The core of this project will be based on innovating and delivering an online learning platform and a virtual incubation program, blending online and offline activities, which will help overcome the challenges caused by the unstable political environment. The team will liaise closely with the country office and local partners to ensure proper implementation. | E18: IFC
A19: Difficulties in reaching out to entrepreneurs in disadvantaged groups/areas (e.g. FDPs, remote locations) | B19: High | C19: Average | D19: IFC and Flat6Labs will work with local partners who have direct contact with disadvantaged groups to reach out and raise awareness on the program. IFC will also leverage the Prospects Partnership such as UNHCR, UNICEF, and ILO to enhance outreach to refugees and women. | E19: IFC
A20: Challenges in securing internet connectivity by underserved entrepreneurs which might impact their ability to join the StartMashreq program | B20: High | C20: Average | D20: The project budget will include a contingency to subsidize (through Flat6Labs) internet connectivity for entrepreneurs if needed. | E20: IFC
A21: Inability of incubated start-ups to raise financing due to lack of access to potential investors/funds or inability to become legally incorporated | B21: Average | C21: Likely | D21: The selection of Flat6Labs is motivated by their proven track-record in managing incubation and acceleration programs, presence in the MENA region and a solid understanding of the entrepreneurship context in the MENA region. Flat6Labs will enable startups to tap into a solid regional and global network of investors and funding partners to ensure that the projects investment targets are met. The project will also seek to establish linkages with existing WBG startup funding schemes such as the WeFi/ ScaleX initiative, the WBs Innovative Startup Fund, and FIGs possible new funding vehicle for FDPs. | E21: IFC
A22: Inability to work with another accelerator and/or investment fund because of un-met financial due diligence clearance as a result of Adverse Opinion of additional partner financial statements | B22: Average | C22: Likely | D22: The project scope includes accommodating additional implementing partners in each country and move beyond F6LFlat6Labs. This allows the project to become a market catalytic. IFC will consult with the finance team and country team to explore options of additional financial reporting requirements from the partner that could support in monitoring the grant’s execution. | E22: IFC
A25: Programmatic Risks
A26: Risks | B26: Impact on results | C26: Likelihood | D26: Mitigation measures | E26: Responsible partner to monitor and update risk assessment
A27: Failure to agree with the various parties involved in the Prospects, including beneficiaries. | C27: Average | D27: Solid communication plan to inform the decision makers, frequent meetings with relevant stakeholders and beneficiaries to present the added value of the partnership and the benefits that beneficiaries can get out of it. | E27: All
A28: GoL restricting refugees rights’ further, putting more restrictive protection measures, including regarding access to labour market and legal stay | C28: Highly likely | D28: Increase evidence-based advocacy efforts of the Prospects partners with government and other key stakeholders, combined with government capacity-building mechanisms and institution-strengthening efforts within the Partnership. If efforts fail, a discussion with the Netherlands on the next steps can be initiated (i.e., adjusting Prospects Programming in terms of target groups). | E28: All
A29: Difficulty for refugees to access assistance and services due to restricted mobility and rising of costs. | C29: Highly likely | D29: Shifting operating modalities, with counselling and monitoring being done by phone when access is restricted. Updating service mapping on an ongoing basis. Integrating programming for targeting the most excluded adults and children and those facing multiple deprivations. Strengthening of community-based approach, especially vis-à-vis the inclusion of persons with disabilities. | E29: UNHCR, UNICEF, IFC and IL
A30: Capacity constraints of direct implementation and/or implementing Partners | C30: Highly likely | D30: Partners to build in capacity building preparedness planning and measurement components in all Prospects Programs/activities | E30: UNHCR, UNICEF, IFC and IL
A31: Financial constraints to achieve objectives of the Partnership | C31: Average | D31: Should funding on country level become insufficient for growing needs important to tap into opportunity fund to secure sufficient funding for the implementation | E31: All
A32: Increased restrictions to access cash assistance and higher prices due to inflation | C32: Highly likely | D32: WFP, UNICEF, UNHCR have adopted mitigating measures to safeguard cash assistance through the LOUISE platform and are further assessing and, looking at changing transfer modalities. UNHCR is scaling-up cash assistance | E32: UNHCR, UNICEF
A33: Project funds are misused by implementing partners | B33: Average | C33: Average | D33: UNICEF conducts regular programmatic monitoring visits. In addition, a third-party monitoring (TPM) firm has been hired to conduct spot checks at programme implementation sites. | E33: UNICEF
A34: Community barriers for uptake of services, including increased barriers for female participation due to safety concerns, negative coping mechanisms and social norms (child marriage, child labour, etc.) | B34: Average | C34: Average | D34: UNICEF will address this risk through increased community engagement, awareness raising efforts at community and facility levels. | E34: UNICEF
A35: Social tension in Dirasa schools: non-targeted communities feel unequally treated/ left out and express frustration that their communities are not benefiting | B35: Average | C35: Likely | D35: The programme aims to support vulnerable Lebanese children, approximately 30% of the beneficiaries, while ensuring transparency in the selection process. Efforts will include transparent information sharing with communities, especially regarding inclusion criteria and benefits. All enrolled children in targeted schools will receive a support package. School counselors and social workers will be hired to oversee student and teacher well-being, and recreational focal points will enhance well-being and social cohesion through art, music, and sports classes. A dropout prevention fund will aid Lebanese students in Grade 8 and 9 in Dirasa schools. Additionally, Parent-Teacher Associations (PTAs), school clubs, and councils will be established to organize events and initiatives, promoting community cohesion and reducing social tension. | E35: UNICEF
A36: Lack of interest in learning programmes that do not lead to accreditation | B36: Average | C36: Average | D36: Work with a committee and children to communicate the benefits of literacy and numeracy skills (and other basic foundational skills) including the options opened through participation. Prioritize material that assists with learning outcomes of the Lebanese curriculum Have a clear transition framework developed for children and adolescents enrolled in Makani and Dirasa | E36: UNICEF
A37: Increase in youth unemployment and engagement of youth in informal labour | B37: High | C37: Highly likely | D37: ▪ Increase professional readiness among the most disadvantaged young people in Lebanon, while at the same time empowering them to become more active members of their community. ▪ Adapt the youth programme to the needs arising from the crisis: To include cash assistance, access to online learning and mental health services. ▪ Provide vulnerable young people with an integrated package of services to improve foundational, digital, vocational and life skills and increase access to income-generating opportunities. ▪ Develop competency-based curricula and work on the package certification process with TVET/MEHE. | E37: UNICEF
A38: Cost of education preventing young people from getting the education and skills they need to eventually find decent work and contribute to the stability and prosperity of Lebanon | B38: High | C38: Likely | D38: ▪ Ensure inclusive and equitable quality education and promote lifelong learning opportunities for all through UNICEF education pathways program.(Dirasa, MAKANI and the new programme around TVET pathway). ▪ Support the enrollment of vulnerable youth and adolescent into formal education as well as the cost of supplies and consumables to enable practical courses access in formal TVET schools. | E38: UNICEF
A39: Employers paying workers and staff in LBP which makes youth decline job offers after a C4W activity being paid 10$/day in fresh dollars | B39: High | C39: Likely | D39: The payment of workers in LBP creates challenges for youth who received USD $10/day in C4W activities, leading some to decline job offers due to the economic crisis and devaluation of the currency. Addressing currency instability is crucial to provide sustainable employment opportunities. | E39: UNICEF
A40: Beneficiaries apply for training courses only because they want to take part in the USD paid CFW activity not due to an in-trinsic motivation to learn and make a living with their gained knowledge. | B40: High | C40: Likely | D40: ▪The assessment and selection criteria tool that UNICEF is de-veloping will ensure that youth are following the training they are more suited to enrol in, while also trying to gauge the motivation behind their interest. ▪ The training also starts with an induction session on career opportunities to guide youth in their choices. | E40: UNICEF
A41: Cash assistance fuels tensions between refugee and host populations | B41: High | C41: Likely | D41: Deliver assistance to all nationalities; do not deliver cash through ATMs. | E41: UNICEF
A42: Scale of services is far below actual need, creating frustration among households that do not benefit | B42: High | C42: Highly likely | D42: Ensure execution of sustainability aspects of the programme, including identifying national funding for scale-up. | E42: UNICEF
A43: Continuing underfunding of key social services limits capacity for effective referrals and absorption of caseloads | B43: High | C43: Highly likely | D43: Develop plan to support effective referrals and services in collaboration with SDCs. | E43: UNICEF
A44: Children out of school have been working for a long time and is a volatile group to keep engaged in multiple service centers | B44: high | C44: Highly likely | D44: Intensified support to families as to help them create a nurturing care environment so children can access services; advocacy with employers, schools, farmers, Shawiz, parents, religious leaders, BCI | E44: UNICEF
... A46: Integrated package of services to reach beneficiaries effectively to improve their overall well being | B46: Average | C46: Average | D46: Quality of programming and coordination with all actors involved within UNICEF and other UN agencies and civil society and government | E46: UNICEF

Sheet Symbols
E4: Meets target (2024) | K4: Meets target (2025)
E7: Approaches target (2024) | K7: Approaches target (2025)
E10: Initiated (2024) | K10: Initiated (2025)
E13: Not initiated (2024) | K13: Not initiated (2025)
Q16: 0.25 | R16: 0.5 | S16: 0.75 | T16: 1
Q17: 0.75 | R17: 0.5 | S17: 0.25 | T17: 0
Q18: 2024
Q24: Not initated | R24: Initiated | S24: Approaches | T24: Meets target
Q27: 2025
Q33: Not initated | R33: Initiated | S33: Approaches | T33: Meets target

Sheet Lists
B3: Collective intervention | D3: Access to rights | H3: WB | I3: MACP | K3: Pillar 1: EDUCATION AND LEARNING
B4: Aligned intervention | D4: Access to basic services | H4: ILO | I4: OF | K4: Pillar 2: ECONOMIC INCLUSION
B5: Partner specific intervention | D5: Access to socio-economic opportunities | H5: UNHCR | K5: Pillar 3: PROTECTION AND SOCIAL PROTECTION
H6: IFC | K6: Pillar 4: CRITICAL INFRASTRUCTURE
H7: UNICEF
B10: Ahead of schedule
B11: On track
B12: Constrained
B15: Highly likely | D15: High
B16: Likely | D16: Average
B17: Average | D17: Low
B18: Unlikely
B19: Highly unlikely
B22: Self assessment | C22: Protection | D22: Social protection | E22: Education
B23: 1=No contribution to target | C23: Level 1: System Building | D23: 1)Absent | E23: 1) Weak
B24: 2=Initiated contribution to target | C24: Level 2: System Enhancement | D24: 2) Weak | E24: 2) Initiating
B25: 3=Approaches milestone target | C25: Level 3: System Integration | D25: 3) Moderate | E25: 3) Established
B26: 4=Achieved milestone target | C26: Level 4: System Maturity | D26: 4) Strong | E26: 4) Championing

Sheet Tab 5 Multi-annual targets 
B1: ** While the UNHCR targets below are multi-annual, they are based on 2023 figures or planning exercises, which could exclude some sectors whose exercises will occur later in the year. Additionally, UNHCR will issue a new multi-year strategy in 2026, which may impact prioritization, planning, and targets. Any changes in targets or results will be reported and justified, particularly during the upcoming MEL sessions.
B2: *The WB will be adding targets at a later stage by the January 2024 deadline.
B3: INDICATORS | C3: Partners | D3: Cumulative Target per partner (2024-2027)
B4: PILLAR 1: EDUCATION AND LEARNING
B5: Mid-term Outcome 1: Increased Access of FDPs And HCs To Quality Education, Skills and Learning Opportunities
B6: 1a) Number of FDPs/HCs who completed their primary or secondary education program (formal and non-formal) | C6: TOTAL | D6: =SUM(D7:D8) -> 7772
C7: UNHCR | D7: 4272
C8: UNICEF | D8: 3500
B12: 1b) Number of FDPs/HCs who completed a professional, technical or vocational education and/or training program or another non-formal skills training | C12: TOTAL | D12: =SUM(D13:D17) -> 4097
C13: ILO | D13: 1000
C14: UNHCR | D14: 1897
C15: UNICEF | D15: 1200
B18: 1c) Evidence that legal frameworks and policies are inclusive for refugees in terms of access to education systems | C18: No target needed
B19: 1d) Evidence that PROSPECTS contributed to institutional capacity strengthening in relation to inclusion in education and trainings for FDPs and HCs | C19: No target needed
B20: Short-term Outcome 1.1: Increased National Capacity to Deliver Quality Education and Vocational Training
B21: 1.1a) Number of education and training institutions receiving technical assistance or capacity building | C21: TOTAL | D21: =SUM(D22:D26) -> 43
C22: ILO | D22: 20
C23: UNICEF | D23: 23
B27: 1.1a) Number of teachers/ facilitators/ TVET trainers completing professional development trainings | C27: TOTAL | D27: =SUM(D28:D32) -> 621
C28: UNHCR | D28: 96
C29: ILO | D29: 75
C30: UNICEF | D30: 450
B33: 1.1b) Number of educational skills training curricula and programs (online & offline), improved/ updated/ developed (with formal and non-formal educational and skills training systems) | C33: TOTAL | D33: 26
C34: ILO | D34: 10
C35: UNICEF | D35: 16
B39: Short-term Outcome 1.2: More FDPs And HCs Enrolled and Retained in Formal and Non-Formal Education At (Pre-) Primary and Secondary Levels
B40: 1.2a) Number of new FDPs/HCs enrolled in pre-primary/primary/secondary education (formal and non-formal) | C40: TOTAL | D40: =SUM(D41:D45) -> 38710
C41: UNICEF | D41: 38710
B46: 1.2b) Number of FDPs/HCs retained in Primary/Secondary Education Program, Including Acceleration Education Programs and Early Childhood Education | C46: TOTAL | D46: =SUM(D47:D51) -> 0
B52: 1.2c) Number of FDPs/HCs provided with in-kind or financial support to attend educational programs | C52: TOTAL | D52: =SUM(D53:D57) -> 34910
C53: UNICEF | D53: 34910
B58: GCR indicator 2.2.1 - Proportion of refugee children enrolled in the national education system (primary and secondary) | C58: No target needed
B59: Short-term Outcome 1.3: More FDPs and HCs Access Occupational Relevant Skills and Skills Recognition for Transition to Work
B60: 1.3a) Number of FDPs/HCs who enrolled in professional, technical or vocational education and/or formal/informal skills training program | C60: TOTAL | D60: =SUM(D61:D65) -> 22345
C61: UNHCR | D61: 13570
C62: ILO | D62: 575
C63: UNICEF | D63: 8200
B66: 1.3b) Number of FDPs/HCs accessing apprenticeships, internships, fellowships, on-the-job training and work-based learning opportunities and other transition pathways to employability | C66: TOTAL | D66: =SUM(D67:D71) -> 1475
C67: ILO | D67: 575
C68: UNICEF | D68: 900
B72: 1.3c) Number of FDPs/HCs’ skills and qualifications recognized (RPL, credential evaluation, micro-credentialing, certification etc.) | C72: TOTAL | D72: =SUM(D73:D77) -> 100
C74: ILO | D74: 100
B78: PILLAR 2: EMPLOYMENT WITH DIGNITY
B79: Mid-term Outcome 2: Improved Livelihoods and Expanded Economic Opportunities for FDPs and HCs
B80: 2a) Number of new wage employment and/or self-employment (business) opportunities supported by PROSPECTS
B86: 2b) Number of FDPs/HC members already employed or self-employed who have either increased their income, enhanced their working conditions or maintained resilient livelihoods
B92: 2c) Number of Government institutions, BDS providers, financial institutions, input providers and/or cooperatives that have introduced new services or scaled their service offer for FDPs and HCs
B97: 2d) Evidence that legal frameworks and policies are inclusive for refugees in terms of access to labor market and formality
B101: GCR indicator 2.1.1 - Proportion of refugees who have access to decent work by law
B106: Short-term Outcome 2.1: Improved Labour Market Governance Supporting Transition to and Entry into Employment and Formalization
B107: 2.1a) Number of job seekers using employment services
B114: 2.1b) Number of FDPs/HCs who have been issued work permits and/or business registrations (or other relevant operating licenses) with support from prospects
B121: 2.1c) Number of FDPs/HCs completing career counselling, JSC, life skills & employability trainings and/or other short-term trainings & support services
B125: Short-term Outcome 2.2: Increased Private Sector or Public Investment and Enhanced Business Environment for Creating Economic Opportunities for FDPs and HCs
... B335: Mid-term Outcome 2: Improved livelihoods and expanded economic opportunities for FDPs and HCs, through access to entrepreneurship and employment with dignity
B336: 2a) Number of new wage employment and/or self-employment (business) opportunities supported by PROSPECTS | C336: TOTAL | D336: =SUM(D337:D341) -> 1250
C337: ILO | D337: 1250
B342: 2b) Number of FDPs/HC members already employed or self-employed who have either increased their income, enhanced their working conditions or maintained resilient livelihoods | C342: TOTAL | D342: =SUM(D343:D347) -> 970
C343: ILO | D343: 970
B348: 2c) Number of Government institutions, BDS providers, financial institutions, input providers and/or cooperatives that have introduced new services or scaled their service offer for FDPs and HCs | C348: TOTAL | D348: =SUM(D349:D353) -> 6
C349: ILO | D349: 6
B354: 2d) Evidence that legal frameworks and policies are inclusive for refugees in terms of access to labor market and formality | C354: TOTAL | D354: =SUM(D355:D359) -> 0
E355: Indicator measured with the policy framework included in Tab3B "UNICEF Policy Progres"
B360: 2e) Evidence that PROSPECTS contributed to institutional capacity strengthening in relation to inclusion of FDPs and HCs in the labour market and to improved labour rights | C360: No target needed
B361: GCR indicator 2.1.1 - Proportion of refugees who have access to decent work by law | C361: No target needed
B362: Short-term Outcome 2.1: Improved Labour Market Governance Supporting Transition to and Entry into Employment and Formalization
B363: 2.1a) Number of job seekers using employment services | C363: TOTAL | D363: =SUM(D364:D368) -> 1000
C364: ILO | D364: 1000
B369: 2.1a) Number of FDPs/HCs who have been issued work permits and/or business registrations (or other relevant operating licenses) with support from prospects | C369: TOTAL | D369: =SUM(D370:D374) -> 0
B375: 2.1b) Number of FDPs/HCs completing career counselling, JSC, life skills & employability trainings and/or other short-term trainings & support services | C375: TOTAL | D375: =SUM(D376:D380) -> 700
C376: ILO | D376: 700
B381: Short-term Outcome 2.2: Increased Private Sector or Public Investment and Enhanced Business Environment for Creating Economic Opportunities for FDPs and HCs
B382: 2.2a) Value of financing invested and leveraged (US$) in target areas | C382: TOTAL | D382: =SUM(D383:D386) -> 2800000
C383: IFC | D383: 2800000
B387: 2.2b) Number of workdays created for FDPs/HCs through labor-intensive investments | C387: TOTAL | D387: =SUM(D388:D392) -> 40000
C388: ILO | D388: 40000
B393: Short-term Outcome 2.3: Increased Access to Finance, Business Development and Entrepreneurial Support
B394: 2.3a) Number of FDPs/HCs accessing financial services (bank account, loan or another financial product) to support their business/coop with PROSPECTS support | C394: TOTAL | D394: =SUM(D395) -> 250
C395: ILO | D395: 250
B400: 2.3b) Number of FDPs/HCs accessing BDS services or trained on entrepreneurship/ financial education / cooperative development / other business skills | C400: TOTAL | D400: =SUM(D401:D405) -> 5335
C401: IFC | D401: 35
C402: ILO | D402: 1000
C403: UNICEF | D403: 4300
B406: 2.3c) Number of FDP/HC market actors trained and/or sensitized to improve linkages to FDPs/HCs and to other market actors for better value chain integration | C406: TOTAL | D406: =SUM(D407:D411) -> 320
C407: ILO | D407: 320
B412: Short-term Outcome 2.4: Enhanced Capacity to Protect Rights at Work and Promote Safe and Secure Working Environments for All Workers
B413: 2.4a) Number of institutions with improved capacities to promote and engage on rights at work with FDPs and HCs. | C413: TOTAL | D413: =SUM(D414:D418) -> 20
C414: ILO | D414: 20
B419: 2.4b) Number of beneficiaries who attended awareness-raising and capacity-building efforts on, among others, addressing informality, rights at work and improving quality and conditions of work | C419: TOTAL | D419: =SUM(D420:D424) -> 1050
C420: ILO | D420: 1050
B425: PILLAR 3: PROTECTION, SOCIAL PROTECTION AND INCLUSION
B426: Mid-term Outcome 3: Protection: Increased Government Protection for FDPs and HCs Protection: Increased Government Protection for FDPs and HCs Social Protection: Increased Inclusion of FDPs and HCs In Community-based, Local and/or National Social Protection Systems
B427: 3a) Extent of inclusion of FDPs in the social protection system and alignment of national SP system with international standards | C427: TOTAL | D427: Scale
C428: UNICEF
B429: 3b) Evidence that PROSPECTS contributed to strengthened institutional capacity to include protection systems in national and sub national systems and development planning | C429: No target needed
B430: 3c) Evidence that PROSPECTS contributed to institutional capacity strengthening in relation to inclusion of FDPs and HCs in social protection systems | C430: No target needed
B431: GCR indicator 2.1.2 - Proportion of refugees who are able to move freely within the host country | C431: No target needed
B432: Short-term Outcome 3.1: Strengthened Legal, Policy and Regulatory Environment for Refugee Protection/Social Protection and Inclusion
B433: 3.1a) Evidence that legal frameworks and policies are inclusive for refugees in terms of protection | C433: No target needed | E433: Indicator measured with the policy framework included in Tab3B "UNICEF Policy Progres"
B434: 3.1b) Evidence on how PROSPECTS has contributed to a change in legal frameworks, policies and asylum system related to inclusive social protection for refugees and HCs, based on security standards and principles | C434: No target needed | E434: Indicator measured with the policy framework included in Tab3B "UNICEF Policy Progres"
...
